 Dungeon Crawl Stone Soup version 0.30-a0-172-gc5509c9e31 (webtiles) character file.

Game seed: 6294044609558835916

653449 qw the Conqueror (level 27, -4/179 HPs)
             Began as a Gargoyle Fighter on Oct 1, 2022.
             Was the Champion of the Shining One.
             Killed from afar by a hellion (29 damage)
             ... with damnation
             ... in Pandemonium.
             The game lasted 00:37:03 (68799 turns).

qw the Conqueror (Gargoyle Fighter)                Turns: 68799, Time: 00:37:03

Health: -4/179     AC: 55    Str: 35      XL:     27
Magic:  35/35      EV: 14    Int: 14      God:    the Shining One [******]
Gold:   4128       SH: 26    Dex:  4 (8)  Spells: 26/26 levels left

rFire   + . .      SeeInvis +    t - +8 mithril axe "Arga" {speed, Will+}
rCold   + . .      Faith    .    D - +2 tower shield
rNeg    + + +      Spirit   .    j - +5 plate armour of Epeituy {Dex+4}
rPois   inf        Reflect  +    o - +0 mask of the Dragon {Will+ Slay+3 SInv}
rElec   +          Harm     .    g - +2 cloak {Will+}
rCorr   .          Rampage  .    L - +2 pair of gloves {Str+3}
Will    +++++                    C - +1 pair of boots of Truth {rF++}
Stlth   ..........               T - amulet of reflection
HPRegen 1.29/turn                Y - +4 ring of evasion
MPRegen 0.24/turn                P - ring of Runu Wua {Ice +Blink rElec rN+ Slay+3}

@: about to teleport, flying, glowing
A: sickness immunity, AC +20, big wings, negative energy resistance 1,
electricity resistance, torment resistance 1, petrification resistance, clever
1, clumsy 2, frail 1, low MP 1, regeneration 1, MP-powered wands
}: 4/15 runes: barnacled, silver, golden, gossamer
a: Renounce Religion, Evoke Blink, Divine Shield, Cleansing Flame, Summon Divine
Warrior


You were in Pandemonium.
You worshipped the Shining One.
The Shining One was exalted by your worship.
You visited 11 branches of the dungeon, and saw 50 of its levels.
You visited Pandemonium 1 time, and saw 2 of its levels.
You also visited: Ossuary.

You collected 8513 gold pieces.
You spent 4385 gold pieces at shops.


Innate Abilities, Weirdness & Mutations

You are immune to sickness and miasma.
Your stone body is resilient. (AC +20)
You are immune to poison.
Your large and strong wings let you fly.
You resist negative energy. (rN+)
You are resistant to electric shocks. (rElec)
You are resistant to unholy torment.
You are immune to petrification.
Your mind is acute. (Int +4, Str/Dex -1)
You are very clumsy. (Dex -4)
You are frail. (-10% HP)
Your magical capacity is low. (-10% MP)
Your natural rate of healing is unusually fast.
You expend magic power (3 MP) to strengthen your wands.


   Skills:
 O Level 27 Fighting
 - Level 18.0 Axes
 - Level 16.0 Throwing
 - Level 20.0 Armour
 - Level 12.0 Dodging
 - Level 21.4 Shields
 + Level 24.9 Invocations


You had 26 spell levels left.
You didn't know any spells.
Your spell library was empty.

Inventory:

Hand Weapons
 t - the +8 mithril axe "Arga" (weapon) {speed, Will+}
   (Okawaru gifted it to you on level 3 of the Realm of Zot)

   Attacks with this weapon are significantly faster.
   Will:      It increases your willpower.
 K - a +2 broad axe of holy wrath
Missiles
 A - 24 javelins
 Q - 5 silver javelins (quivered)
Armour
 b - the +0 pair of boots "Vonnigol" {rC+ Int+4}
   (Okawaru gifted it to you on level 15 of the Dungeon)

   Int:       It affects your intelligence (+4).
   rC:        It protects you from cold.
 c - a +2 pair of boots of flying
 e - the +1 robe "Tisokatz" {rPois rC++ rCorr Str-3}
   (You found it on level 3 of the Tomb of the Ancients)

   Str:       It affects your strength (-3).
   rC:        It greatly protects you from cold.
   rPois:     It protects you from poison.
   rCorr:     It protects you from acid and corrosion.
 g - a +2 cloak of willpower (worn)
 j - the +5 plate armour of Epeituy (worn) {Dex+4}
   (Okawaru gifted it to you on level 4 of the Realm of Zot)

   Dex:       It affects your dexterity (+4).
 o - the +0 mask of the Dragon (worn) {Will+ Slay+3 SInv}
   (You found it on level 3 of the Crypt)

   Slay:      It affects your accuracy & damage with ranged weapons and melee
   (+3).
   SInv:      It lets you see invisible.
   Will:      It increases your willpower.
 s - a +2 helmet
 z - a scarf of resistance
 B - the -2 hat of the Alchemist {rElec rPois rF+ rC+ rN+ Will+ rMut rCorr}
   (You found it on level 5 of the Lair of Beasts)

   rF:        It protects you from fire.
   rC:        It protects you from cold.
   rElec:     It insulates you from electricity.
   rPois:     It protects you from poison.
   rN:        It protects you from negative energy.
   rCorr:     It protects you from acid and corrosion.
   rMut:      It protects you from mutation.
   Will:      It increases your willpower.
 C - the +1 pair of boots of Truth (worn) {rF++}
   (Okawaru gifted it to you on level 4 of the Vaults)

   rF:        It greatly protects you from fire.
 D - a +2 tower shield (worn)
 F - the +2 shield of Resistance {rF++ rC++ Will++}
   (You found it on level 3 of the Shoals)

   rF:        It greatly protects you from fire.
   rC:        It greatly protects you from cold.
   Will:      It greatly increases your willpower.
 G - +0 gold dragon scales
 I - the +3 ice dragon scales "Kom Iqat" {rElec rPois rF- rC++ Stlth+}
   (Okawaru gifted it to you on level 4 of the Shoals)

   rF:        It makes you vulnerable to fire.
   rC:        It greatly protects you from cold.
   rElec:     It insulates you from electricity.
   rPois:     It protects you from poison.
   Stlth:     It makes you more stealthy.
 L - a +2 pair of gloves of strength (worn)
 N - a +10 plate armour of ponderousness
Jewellery
 n - a ring of protection from fire
 r - the ring of Tender Moments {Ice MP+9 Str-4 Dex-3 Slay+5}
   (You took it off a tengu reaver on level 5 of the Vaults)

   [ring of ice]

   It enhances your ice magic.
   Str:       It affects your strength (-4).
   Dex:       It affects your dexterity (-3).
   Slay:      It affects your accuracy & damage with ranged weapons and melee
   (+5).
   rF:        It makes you vulnerable to fire.
   rC:        It protects you from cold.
   MP:        It affects your magic capacity (+9).
 y - a ring of protection from cold
 H - a +4 ring of evasion
 O - the amulet of Yredelemnul's Favour {rC+ Regen+ Int+6 Slay-4 Stlth+}
   (You acquired it on level 5 of the Vaults)

   [amulet of regeneration]

   Int:       It affects your intelligence (+6).
   Slay:      It affects your accuracy & damage with ranged weapons and melee
   (-4).
   rC:        It protects you from cold.
   Regen:     It increases your rate of health regeneration.
   Stlth:     It makes you more stealthy.
 P - the ring of Runu Wua (right hand) {Ice +Blink rElec rN+ Slay+3}
   (You took it off a deep elf annihilator on level 5 of the Vaults)

   [ring of ice]

   It enhances your ice magic.
   Slay:      It affects your accuracy & damage with ranged weapons and melee
   (+3).
   rF:        It makes you vulnerable to fire.
   rC:        It protects you from cold.
   rElec:     It insulates you from electricity.
   rN:        It protects you from negative energy.
   +Blink:    It lets you blink.
 S - a ring of protection from fire
 T - an amulet of reflection (around neck)
 Y - a +4 ring of evasion (left hand)
Wands
 x - a wand of digging (17)
Scrolls
 a - 10 scrolls of teleportation
 k - 5 scrolls of identify
 J - 7 scrolls of enchant armour
Potions
 d - 10 potions of might
 h - 6 potions of attraction
 i - 5 potions of magic
 l - 5 potions of cancellation
 p - 24 potions of curing
 q - 15 potions of lignification
 u - 8 potions of haste

Dungeon Overview and Level Annotations

Branches:
Dungeon (15/15)            Temple (1/1) D:7            Lair (5/5) D:10
 Shoals (4/4) Lair:3       Spider (4/4) Lair:3        Slime (0/5) Lair:4
    Orc (2/2) D:10            Elf (0/3) Orc:2        Vaults (5/5) D:13
  Crypt (3/3) Vaults:2       Tomb (3/3) Crypt:3      Depths (4/4) D:15
    Zot (4/5) Depths:4    Ossuary (visited)

Altars:
Ashenzari
Cheibriados
Dithmenos
Elyvilon
Fedhas
Gozag
Hepliaklqana
Kikubaaqudgha
Makhleb
Nemelex Xobeh
Okawaru
Qazlal
Ru
Sif Muna
Trog
Uskayaw
Vehumet
Wu Jian
Xom
Yredelemnul
Zin
The Shining One
Jiyva

Shops:
D:4 *   D:7 !   D:10 [   D:12 (*   Orc:2 [?(!:   Vaults:4 :   Depths:1 (([(
Depths:3 ???

Portals:
Hell: Lair:5 Depths:1 Depths:2 Depths:3 Depths:4
Abyss: Depths:3
Pandemonium: Orc:2 Depths:2
Ziggurat: Depths:4
Trove: D:12 (give 3 potions of resistance)

Annotations:
Depths:1 4 transporters


Message History

The sphere of damnation explodes!
The damnation engulfs you!
The damnation engulfs the demonspawn blood saint!
The damnation engulfs your daeva!! The hellion gestures at you.
The sphere of damnation explodes!
The damnation engulfs you!!
The damnation engulfs the demonspawn blood saint!!
The damnation engulfs your daeva!!
You hear a shout! x3
You slash the demonspawn blood saint!
The demonspawn blood saint is heavily wounded.
Your surroundings suddenly seem different.
A reaper and a fire bat come into view.
The reaper is wielding a +5 scythe of venom.
Found a glowing flail and a demonic rune of Zot.
Found a gate leading to another region of Pandemonium.
The hellion gestures at you.
The sphere of damnation explodes!
The damnation engulfs you!!
The damnation engulfs the hellion.
The hellion completely resists.
The hellion gestures at you.
The sphere of damnation explodes!
The damnation engulfs you!!
The damnation engulfs the hellion.
The hellion completely resists.
You block the hellion's attack. The hellion gestures at you.
The sphere of damnation explodes!
The damnation engulfs you!!
The damnation engulfs the hellion.
The hellion completely resists.
The damnation engulfs the hellion.
The hellion completely resists.
The reaper moves out of view.
A demonspawn warmonger comes into view. It is wielding a +2 vorpal dire flail.
68799 ||| READING 11 scrolls of teleportation.
As you read the scroll of teleportation, it crumbles to dust.
You feel strangely unstable. You block the fire bat's attack.
The hellion gestures at you.
The sphere of damnation explodes!
The damnation engulfs you!!
The damnation engulfs the fire bat!
The damnation engulfs the hellion.
The hellion completely resists.
The damnation engulfs the hellion.
The hellion completely resists.
The hellion gestures at you.
The sphere of damnation explodes!
The damnation engulfs you!!
You die...

###.¤.....# #....
#6...).64¤# #.... .
####.#......6###.... ..
##...¤~¤~...¤.¤......
.....2~~~~~~¤....A..[...
....~¤¤~~~~~~¤~~.¤......
...~¤¤~~¤2~~~~¤¤¤.¤.....
#..~¤¤¤¤222~~¤~~¤¤¤.....
#~¤~~~b@.2.22~~~¤.##....
#~¤¤¤...2Y22!¤~~¤~##....
¤¤¤¤..2}2222~~~¤##....
¤¤¤¤......2~~
~¤~¤¤¤.¤~¤~ ¤¤~¤¤¤¤.¤~~~
.¤~¤~~~~~~¤¤¤
.....¤~~~¤~~..


You could see a hellephant, a demonspawn warmonger, a demonspawn corrupter, 16
hellions and a fire bat.

Vanquished Creatures
  2 dread liches
  6 ancient liches
  Khufu (Tomb:1)
  An orb of fire (Zot:3)
  Mara (Depths:1)
  Mennas (Depths:3)
  2 juggernauts (Depths:3)
  25 royal mummies
  Vv (Depths:3)
  2 Killer Klowns
  3 curse toes
  Xtahua (Depths:3)
  13 golden dragons
  4 caustic shrikes (Depths:3)
  Jory (Depths:2)
  20 tentacled monstrosities
  Jorgrun (D:12)
  A shard shrike zombie (Crypt:3)
  A walking crystal tome (Depths:3)
  A Hell Sentinel (Pan)
  A deep elf master archer (Tomb:1)
  11 titans
  A lich (Tomb:1)
  9 quicksilver dragons
  2 walking divine tomes (Depths:3)
  6 deep elf blademasters
  8 ancient champions
  3 Executioners (Pan)
  Polyphemus (Shoals:3)
  9 death cobs
  A kraken (Shoals:4)
  Gastronok (D:9)
  18 storm dragons
  11 sphinxes
  Kirke (Shoals:4)
  11 shadow dragons
  Ilsuiw (Shoals:2)
  9 tengu reavers
  5 revenants
  A draconian knight (Zot:4)
  2 draconian monks (Zot:3)
  16 fire giants
  2 iron dragons (Depths:3)
  Louise (Shoals:3)
  7 ghost moths
  14 frost giants
  2 deep elf sorcerers
  A balrug (Pan)
  A spectral caustic shrike (Crypt:3)
  8 draconian scorchers
  2 orc warlords
  An emperor scorpion (Spider:3)
  25 vault wardens
  3 spriggan defenders
  8 ghouls
  4 draconian stormcallers
  14 ironbound preservers
  2 curse skulls
  13 ironbound thunderhulks
  3 draconian shifters
  3 draconian annihilators
  4 broodmothers (Spider:4)
  38 very ugly things
  11 green draconians
  25 stone giants
  A reaper (Pan)
  2 demonspawn black suns (Zot:3)
  17 vampire knights
  A lorocyproca (Pan)
  10 bennus (Tomb:3)
  A deep elf annihilator (Vaults:5)
  8 white draconians
  A deep elf demonologist (Vaults:5)
  13 yellow draconians
  Azrael (Spider:1)
  9 dire elephants
  10 purple draconians
  6 black draconians
  7 spark wasps
  A blizzard demon (Pan)
  8 red draconians
  2 green deaths (Pan)
  11 ettins
  18 eidola
  A spectral iron giant (Crypt:3)
  5 deep elf death magi
  19 mummy priests
  Snorg (D:14)
  2 spectral quicksilver dragons (Crypt:3)
  A spectral spriggan (Crypt:3)
  8 merfolk javelineers
  A spriggan zombie (Tomb:3)
  7 fire dragons
  13 merfolk impalers
  10 entropy weavers
  A deep elf high priest (Vaults:5)
  5 ice dragons
  3 great orbs of eyes
  6 jiangshi
  Erolcha (D:10)
  A spectral fenstrider witch (Crypt:3)
  34 vault guards
  15 yaktaur captains
  6 rakshasas
  A hell beast (Pan)
  2 jorogumos (Spider:4)
  2 peacekeepers (Vaults:4)
  A spectral shadow dragon (Crypt:3)
  4 hydras
  2 ogre magi
  5 spriggan air magi
  Erica (D:10)
  A demonspawn (Orc:2)
  2 catoblepae
  5 merfolk avatars
  A ghost crab (Spider:3)
  5 radroaches
  4 death knights
  5 boulder beetles
  7 ironbound frosthearts
  5 tengu warriors
  10 merfolk aquamancers
  A bennu zombie (Crypt:2)
  20 centaur warriors
  6 two-headed ogres
  A fenstrider witch skeleton (Tomb:1)
  A satyr (shapeshifter) (Vaults:5)
  9 deep troll earth magi
  An Orb Guardian skeleton (Crypt:2)
  32 death scarabs
  8 spriggan berserkers
  7 death yaks
  9 deep troll shamans
  2 spectral storm dragons (Crypt:3)
  7 vampire magi
  Urug (Orc:2)
  6 soul eaters
  4 orc high priests (Orc:2)
  A titan zombie (Vaults:3)
  7 sun demons
  9 deep elf knights
  3 iron trolls
  Sonja (D:10)
  12 hell knights (Depths:3)
  A shock serpent (shapeshifter) (Vaults:5)
  4 sixfirhies
  3 salamander mystics
  A titan skeleton (Depths:1)
  24 skeletal warriors
  A sun moth (Spider:4)
  A cherub (Pan)
  3 pharaoh ants
  17 shadow wraiths
  6 steelbarb worms
  A swamp dragon (shapeshifter) (Depths:3)
  13 flayed ghosts
  A spectral anaconda (Crypt:3)
  A shadow demon (Pan)
  30 phantasmal warriors
  15 sea snakes
  3 glowing orange brains
  14 orb spiders
  Pikel (D:5)
  18 ironbound convokers
  51 deep trolls
  A spriggan simulacrum (Tomb:1)
  2 shadow dragon zombies (Vaults:3)
  9 deep elf archers
  2 bog bodies (Crypt:2)
  14 orc knights
  9 necromancers
  A spectral iron dragon (Crypt:3)
  47 ugly things
  An anaconda skeleton (Tomb:2)
  10 lindwurms
  3 wizards
  16 wolf spiders
  25 harpies
  A tengu skeleton (Vaults:4)
  21 moths of wrath
  8 deep elf pyromancers
  10 cyclopes
  3 fauns (Shoals:3)
  10 deep elf zephyrmancers
  9 orc sorcerers
  9 salamanders
  A fire giant zombie (Depths:1)
  14 manticores
  2 frost giant zombies
  2 spectral ettins (Crypt:3)
  2 spectral centaurs (Crypt:3)
  Maurice (D:8)
  31 elephants
  2 black mambas
  2 naga magi (D:15)
  15 vault sentinels
  2 eyes of devastation (shapeshifter)
  An orange demon (Lair:5)
  15 merfolk sirens
  6 smoke demons
  11 water nymphs
  7 torpor snails
  10 cane toads
  3 centaur skeletons
  A hellion (Pan)
  2 unseen horrors
  Maggie (D:6)
  23 freezing wraiths
  5 rime drakes
  38 yaktaurs
  An unseen horror zombie (Crypt:3)
  11 demonic crawlers
  6 komodo dragons
  Psyche (D:12)
  A kobold demonologist (D:13)
  3 efreet
  2 hellwings (Pan)
  A rime drake (shapeshifter) (D:15)
  2 minotaur skeletons
  41 guardian mummies
  3 ice devils (Lair:5)
  A tormentor (Shoals:1)
  A yaktaur skeleton (Vaults:3)
  2 tengu conjurers
  A merfolk (shapeshifter) (Depths:2)
  22 merfolk
  2 spectral harpies (Crypt:3)
  3 red devils
  11 meliai
  7 trolls
  5 tyrant leeches (Spider:3)
  A hornet (shapeshifter) (Vaults:5)
  7 wind drakes
  A wolf spider simulacrum (D:15)
  A tyrant leech (shapeshifter) (D:13)
  Prince Ribbit (D:6)
  A wind drake (shapeshifter) (Vaults:5)
  A harpy skeleton (Tomb:3)
  A hydra skeleton (Crypt:3)
  A polar bear (Lair:3)
  A satyr zombie (Crypt:2)
  A blink frog (shapeshifter) (Vaults:1)
  6 snapping turtles
  7 hornets
  30 slime creatures
  13 blink frogs
  A frost giant simulacrum (Depths:1)
  A human simulacrum (Vaults:3)
  20 tarantellas
  A fire dragon zombie (Crypt:1)
  A fire giant simulacrum (Depths:1)
  20 flying skulls
  28 jumping spiders
  25 culicivoras
  A vampire (D:13)
  6 shadows
  A hog (Shoals:4)
  A naga simulacrum (Tomb:2)
  11 wraiths
  A fire bat (Pan)
  5 ushabtiu
  5 humans (Shoals:4)
  33 yaks
  7 spriggans
  5 basilisks
  An elf zombie (Vaults:3)
  6 fire elementals (Spider:1)
  13 water elementals
  3 neqoxecs (Pan)
  Grum (D:9)
  A steam dragon (shapeshifter) (Vaults:1)
  3 chaos spawn
  55 redbacks
  An elf skeleton (Vaults:3)
  19 vampire mosquitoes
  Menkaure (D:6)
  A yaktaur simulacrum (Vaults:4)
  6 large abominations (Pan)
  5 wargs
  A swamp worm (shapeshifter) (Depths:1)
  2 harpy simulacra (Crypt:3)
  An entropy weaver zombie (Crypt:1)
  A demonspawn skeleton (Crypt:3)
  15 water moccasins
  A floating eye (Depths:3)
  6 hell hounds
  2 black bears
  2 ice beasts (D:5)
  A meliai simulacrum (D:15)
  37 orc warriors
  A sky beast (D:8)
  A cane toad skeleton (Crypt:1)
  An elf simulacrum (Vaults:3)
  A blink frog zombie (Crypt:2)
  A manticore zombie (Crypt:2)
  An ettin simulacrum (Vaults:4)
  A boggart (D:11)
  10 ogres
  18 centaurs
  28 wolves
  A lindwurm skeleton (Crypt:1)
  A phantom (D:5)
  A hog skeleton (Crypt:3)
  2 kobold brigands
  14 bullfrogs
  4 necrophages
  2 gnoll sergeants
  A scorpion (D:4)
  18 wights
  A cyclops skeleton (Crypt:2)
  9 killer bees
  5 howler monkeys
  2 electric eels
  3 hounds
  35 orc priests
  2 human zombies
  3 jellies
  2 gnoll boudas (D:10)
  2 iguanas
  23 orc wizards
  5 hell rats (Lair:4)
  A boggart skeleton (Crypt:1)
  An ogre zombie (Crypt:1)
  A sky beast zombie (Crypt:3)
  41 mummies
  14 gnolls
  16 adders
  A howler monkey skeleton (Crypt:3)
  A shadow imp (D:7)
  2 white imps
  An ufetubus (D:5)
  2 adder zombies (Ossuary)
  An iguana zombie (Crypt:2)
  A lava snake zombie (Crypt:2)
  A worm (D:4)
  5 dart slugs
  85 orcs
  6 ball pythons
  4 bats
  7 endoplasms
  5 goblins
  5 hobgoblins
  6 jackals (D:3)
  3 quokkas
  4 frilled lizards
  A frilled lizard zombie (Crypt:1)
  4 goblin zombies (Ossuary)
  4 hobgoblin zombies (Ossuary)
  5 kobolds
  3 kobold zombies (Ossuary)
  An orc skeleton (Crypt:2)
  A quokka zombie (Ossuary)
  5 rats
  3 rat zombies (Ossuary)
  A spectral orc (D:9)
  A fire vortex (Depths:3)
  A tentacle (Shoals:4)
2504 creatures vanquished.

Vanquished Creatures (collateral kills)
  2 pandemonium lords (Pan)
  7 royal mummies
  2 liches
  A sphinx (Tomb:1)
  A demonspawn warmonger (Pan)
  A reaper (Pan)
  2 cacodemons (Pan)
  A demonspawn corrupter (Pan)
  A caustic shrike skeleton (Tomb:3)
  2 demonspawn blood saints (Pan)
  4 bennus
  5 mummy priests
  5 death scarabs (Tomb:2)
  2 soul eaters (Pan)
  A sixfirhy (Pan)
  2 skeletal warriors (Tomb:3)
  An anaconda zombie (Tomb:2)
  A deep elf archer (Crypt:3)
  A deep elf pyromancer (Crypt:3)
  9 guardian mummies
  A hellwing (Pan)
  A ynoxinul (Pan)
  2 ushabtiu
  2 fire bats (Pan)
  A large abomination (Pan)
  4 mummies
62 creatures vanquished.

Vanquished Creatures (others)
  A quicksilver dragon (Vaults:5)
  A shadow dragon (Depths:4)
  A fire giant (Crypt:1)
  A balrug (Pan)
  A draconian annihilator (Zot:3)
  A deep elf knight (Crypt:2)
  A sun demon (Pan)
  A sixfirhy (Pan)
  A wizard (Lair:5)
  2 deep elf pyromancers (Crypt:3)
  A chaos spawn (Pan)
  An orc warrior (Orc:2)
  An orc wizard (D:10)
  22 fungi
  122 plants
  3 tentacles (Shoals:4)
161 creatures vanquished.

Grand Total: 2727 creatures vanquished

Notes
Turn   | Place    | Note
-------+----------+-------------------------------------------
     0 | D:1      | qw the Gargoyle Fighter began the quest for the Orb.
     0 | D:1      | Reached XP level 1. HP: 14/14 MP: 1/1
     0 | D:1      | 0 ||| qw: Version: 0.2-a-13-gfc7b4b4
     0 | D:1      | 0 ||| qw: Game counter: 1831
     0 | D:1      | 0 ||| qw: Always use a shield: true
     0 | D:1      | 0 ||| qw: God list: Okawaru
     0 | D:1      | 0 ||| qw: Allow faded altars: false
     0 | D:1      | 0 ||| qw: Do Orc after D:15 true
     0 | D:1      | 0 ||| qw: Do second Lair branch before Depths: true
     0 | D:1      | 0 ||| qw: Lair rune preference: random
     0 | D:1      | 0 ||| qw: Plans: Normal, Zot:1-4, God:TSO, Crypt, Tomb,
                  | Pan, Slime:5, Hells, Abyss, Orb
     0 | D:1      | 0 ||| PLANNING D:1-11
   129 | D:1      | 129 ||| Stepping ~*~*~tactically~*~*~ (hiding).
   350 | D:1      | Reached XP level 2. HP: 13/19 MP: 2/2
   596 | D:1      | 596 ||| UPGRADING to +0 pair of gloves.
   601 | D:1      | 601 ||| READING scroll labelled BEZUDI KOKOEF.
   602 | D:1      | 602 ||| READING scroll labelled OKHLOT FOIMOYR.
   603 | D:1      | 603 ||| READING scroll labelled GAWKYS GOPSAE.
   613 | D:1      | 613 ||| READING scroll labelled GIOMAM MYUSCH.
   614 | D:1      | 614 ||| READING scroll labelled KITOQU TYVVEA.
   615 | D:1      | 615 ||| DRINKING 2 bubbling black potions.
   616 | D:1      | 616 ||| DROPPING potion of brilliance.
   787 | D:2      | Reached skill level 3 in Axes
   792 | D:2      | Reached XP level 3. HP: 23/23 MP: 3/3
   883 | D:2      | 883 ||| Stepping ~*~*~tactically~*~*~ (hiding).
   933 | D:2      | 933 ||| Stepping ~*~*~tactically~*~*~ (hiding).
  1169 | D:2      | 1169 ||| Stepping ~*~*~tactically~*~*~ (stealth).
  1179 | D:2      | Reached XP level 4. HP: 27/28 MP: 4/4
  1179 | D:2      | 1179 ||| Stepping ~*~*~tactically~*~*~ (stealth).
  1355 | D:2      | Found an ancient bone altar of Kikubaaqudgha.
  1387 | D:2      | 1387 ||| UPGRADING to +0 cloak of willpower.
  1392 | D:2      | 1392 ||| UPGRADING to +6 ring of strength.
  1393 | D:2      | 1393 ||| READING 4 scrolls labelled QUNENA ITOA.
  1396 | D:2      | 1396 ||| READING scroll labelled ALIYPH HYSAUT.
  1397 | D:2      | 1397 ||| READING scroll labelled ULYFFI ZARUCIY.
  1398 | D:2      | 1398 ||| DRINKING 4 black potions.
  1504 | D:3      | 1504 ||| Stepping ~*~*~tactically~*~*~ (stealth).
  1581 | D:3      | Found a faded altar of an unknown god.
  1658 | D:3      | HP: 6/28 [orc priest/+0 flail (7)]
  1659 | D:3      | 1659 ||| READING 4 scrolls of teleportation.
  1788 | D:3      | Reached XP level 5. HP: 32/32 MP: 5/5
  1812 | D:3      | 1812 ||| Stepping ~*~*~tactically~*~*~ (stealth).
  1819 | D:3      | 1819 ||| Stepping ~*~*~tactically~*~*~ (hiding).
  1849 | D:3      | 1849 ||| Stepping ~*~*~tactically~*~*~ (stealth).
  1852 | D:3      | 1852 ||| Stepping ~*~*~tactically~*~*~ (stealth).
  1888 | D:3      | 1888 ||| DROPPING +0 club.
  1940 | D:3      | 1940 ||| Stepping ~*~*~tactically~*~*~ (stealth).
  1951 | D:3      | 1951 ||| Stepping ~*~*~tactically~*~*~ (stealth).
  1956 | D:3      | Reached skill level 1 in Dodging
  2046 | D:3      | 2046 ||| DROPPING +0 whip.
  2195 | D:3      | Reached XP level 6. HP: 36/37 MP: 6/6
  2202 | D:3      | 2202 ||| UPGRADING to +0 pair of boots.
  2207 | D:3      | 2207 ||| UPGRADING to ring of protection from fire.
  2208 | D:3      | 2208 ||| DROPPING ring of magical power.
  2209 | D:3      | 2209 ||| READING scroll labelled MAMELEAFRO.
  2210 | D:3      | 2210 ||| READING scroll labelled NUPECROEDUU.
  2211 | D:3      | 2211 ||| DRINKING 2 fuming orange potions.
  2485 | D:4      | Reached skill level 4 in Fighting
  2521 | D:4      | 2521 ||| Stepping ~*~*~tactically~*~*~ (hiding).
  2539 | D:4      | 2539 ||| Stepping ~*~*~tactically~*~*~ (stealth).
  2770 | D:4      | Found Faq Zeth's Fire Supplies.
  2784 | D:4      | 2784 ||| SHOPLISTING +1 chain mail of fire resistance (198
                  | gold, have 146).
  2784 | D:4      | 2784 ||| SHOPLISTING +1 ring mail of fire resistance (192
                  | gold, have 146).
  2784 | D:4      | 2784 ||| SHOPLISTING +2 buckler of fire resistance (258
                  | gold, have 146).
  2784 | D:4      | 2784 ||| SHOPLISTING +2 scale mail of fire resistance (252
                  | gold, have 146).
  3008 | D:4      | 3008 ||| DROPPING ring of ice.
  3009 | D:4      | 3009 ||| READING scroll labelled WUDUEGY ETHA.
  3010 | D:4      | 3010 ||| READING 2 scrolls of identify.
  3010 | D:4      | 3010 ||| IDENTIFYING red potion
  3070 | D:5      | Entered Level 5 of the Dungeon
  3078 | D:5      | Reached skill level 6 in Axes
  3078 | D:5      | Reached XP level 7. HP: 43/44 MP: 7/7
  3079 | D:5      | 3079 ||| Stepping ~*~*~tactically~*~*~ (stealth).
  3140 | D:5      | HP: 11/44 [ice beast (13)]
  3141 | D:5      | 3141 ||| READING 6 scrolls of teleportation.
  3142 | D:5      | 3142 ||| DRINKING potion of heal wounds.
  3152 | D:5      | HP: 10/44 [acid (3)]
  3153 | D:5      | 3153 ||| READING 5 scrolls of teleportation.
  3162 | D:5      | HP: 11/44 [adder (2)]
  3163 | D:5      | 3163 ||| READING 4 scrolls of teleportation.
  3163 | D:5      | Noticed Pikel
  3372 | D:5      | 3372 ||| Stepping ~*~*~tactically~*~*~ (hiding).
  3381 | D:5      | 3381 ||| Stepping ~*~*~tactically~*~*~ (stealth).
  3385 | D:5      | 3385 ||| Stepping ~*~*~tactically~*~*~ (stealth).
  3386 | D:5      | 3386 ||| Stepping ~*~*~tactically~*~*~ (stealth).
  3411 | D:5      | Found a radiant altar of Vehumet.
  3488 | D:5      | 3488 ||| Stepping ~*~*~tactically~*~*~ (hiding).
  3489 | D:5      | 3489 ||| Stepping ~*~*~tactically~*~*~ (hiding).
  3505 | D:5      | Killed Pikel
  3506 | D:5      | Reached skill level 7 in Fighting
  3506 | D:5      | Reached XP level 8. HP: 32/53 MP: 8/8
  3878 | D:5      | Found a hazy altar of Hepliaklqana.
  4054 | D:5      | 4054 ||| UPGRADING to +0 chain mail.
  4064 | D:5      | 4064 ||| DROPPING +0 scale mail.
  4065 | D:5      | 4065 ||| READING scroll labelled XEROIQ LYDE.
  4065 | D:5      | Identified a scroll of acquirement
  4065 | D:5      | 4065 ||| ACQUIRING +2 broad axe of electrocution
  4065 | D:5      | Acquired a +2 broad axe of electrocution
  4067 | D:5      | 4067 ||| SWAPPING to +2 broad axe of electrocution.
  4068 | D:5      | 4068 ||| DROPPING +1 war axe.
  4134 | D:6      | Noticed Menkaure
  4135 | D:6      | 4135 ||| Stepping ~*~*~tactically~*~*~ (hiding).
  4142 | D:6      | Killed Menkaure
  4315 | D:6      | Noticed Prince Ribbit
  4329 | D:6      | Reached XP level 9. HP: 31/57 MP: 9/9
  4338 | D:6      | HP: 14/57 [Prince Ribbit (6)]
  4339 | D:6      | 4339 ||| READING 3 scrolls of teleportation.
  4435 | D:6      | Killed Prince Ribbit
  4436 | D:6      | Reached skill level 9 in Axes
  4594 | D:6      | 4594 ||| FLEEEEING.
  4595 | D:6      | 4595 ||| FLEEEEING.
  4596 | D:6      | 4596 ||| FLEEEEING.
  4597 | D:6      | 4597 ||| FLEEEEING.
  4603 | D:6      | 4603 ||| FLEEEEING.
  4604 | D:6      | 4604 ||| FLEEEEING.
  4605 | D:6      | 4605 ||| FLEEEEING.
  4606 | D:6      | 4606 ||| FLEEEEING.
  4607 | D:6      | 4607 ||| FLEEEEING.
  4709 | D:6      | 4709 ||| Stepping ~*~*~tactically~*~*~ (stealth).
  4799 | D:6      | Reached skill level 1 in Throwing
  4837 | D:6      | 4837 ||| Stepping ~*~*~tactically~*~*~ (stealth).
  4869 | D:6      | Noticed Maggie
  4877 | D:6      | Killed Maggie
  4920 | D:6      | Found a glowing silver altar of Zin.
  5021 | D:6      | 5021 ||| Stepping ~*~*~tactically~*~*~ (hiding).
  5283 | D:6      | 5283 ||| UPGRADING to +0 plate armour.
  5293 | D:6      | 5293 ||| DROPPING +0 chain mail.
  5294 | D:6      | 5294 ||| READING 3 scrolls of identify.
  5294 | D:6      | 5294 ||| IDENTIFYING brown potion
  5295 | D:6      | 5295 ||| READING 2 scrolls of identify.
  5295 | D:6      | 5295 ||| IDENTIFYING clear potion
  5296 | D:6      | 5296 ||| DROPPING potion of berserk rage.
  5297 | D:6      | 5297 ||| DROPPING potion of magic.
  5333 | D:7      | 5333 ||| PLANNING OSSUARY
  5335 | D:7      | Found Viw Akej's Distillery.
  5341 | D:7      | 5341 ||| BUYING 2 potions of might (96 gold).
  5341 | D:7      | Bought 2 potions of might for 96 gold pieces
  5341 | D:7      | 5341 ||| BUYING potion of attraction (36 gold).
  5341 | D:7      | Bought a potion of attraction for 36 gold pieces
  5341 | D:7      | 5341 ||| BUYING potion of curing (36 gold).
  5341 | D:7      | Bought a potion of curing for 36 gold pieces
  5341 | D:7      | 5341 ||| BUYING potion of lignification (36 gold).
  5341 | D:7      | Bought a potion of lignification for 36 gold pieces
  5341 | D:7      | 5341 ||| SHOPLISTING potion of might (48 gold, have 8).
  5894 | D:7      | Found a sand-covered staircase.
  5902 | Ossuary  | Entered an ossuary
  6180 | Ossuary  | 6180 ||| READING scroll labelled VAEJO QODE.
  6181 | Ossuary  | 6181 ||| DRINKING 2 coppery potions.
  6182 | Ossuary  | 6182 ||| READING 2 scrolls of identify.
  6182 | Ossuary  | 6182 ||| IDENTIFYING fuming inky potion
  6183 | Ossuary  | 6183 ||| DROPPING potion of ambrosia.
  6187 | D:7      | 6187 ||| PLANNING D:1-11
  6230 | D:7      | 6230 ||| Stepping ~*~*~tactically~*~*~ (hiding).
  6232 | D:7      | 6232 ||| Stepping ~*~*~tactically~*~*~ (hiding).
  6239 | D:7      | 6239 ||| Stepping ~*~*~tactically~*~*~ (hiding).
  6244 | D:7      | Reached skill level 6 in Armour
  6365 | D:7      | Found a staircase to the Ecumenical Temple.
  6366 | D:7      | 6366 ||| PLANNING TEMPLE
  6366 | D:7      | 6366 ||| UPGRADING to +0 kite shield.
  6376 | D:7      | 6376 ||| DROPPING +0 buckler.
  6383 | Temple   | Entered the Ecumenical Temple
  6444 | Temple   | 6444 ||| PLANNING OKAWARU WORSHIP
  6740 | Temple   | Became a worshipper of Warmaster Okawaru
  6741 | Temple   | 6741 ||| PLANNING D:1-11
  7051 | D:7      | 7051 ||| DROPPING ring of wizardry.
  7135 | D:8      | Noticed Maurice
  7168 | D:8      | Killed Maurice
  7169 | D:8      | Reached skill level 6 in Shields
  7169 | D:8      | Reached XP level 10. HP: 47/63 MP: 10/10
  7351 | D:8      | 7351 ||| Stepping ~*~*~tactically~*~*~ (stealth).
  7642 | D:8      | 7642 ||| FLEEEEING.
  7643 | D:8      | 7643 ||| FLEEEEING.
  7644 | D:8      | 7644 ||| FLEEEEING.
  7682 | D:8      | Found the +18 Lear's hauberk
  8027 | D:8      | Reached * piety under Okawaru
  8092 | D:8      | 8092 ||| FLEEEEING.
  8093 | D:8      | 8093 ||| FLEEEEING.
  8094 | D:8      | 8094 ||| FLEEEEING.
  8095 | D:8      | 8095 ||| FLEEEEING.
  8096 | D:8      | 8096 ||| FLEEEEING.
  8097 | D:8      | 8097 ||| FLEEEEING.
  8101 | D:8      | 8101 ||| FLEEEEING.
  8102 | D:8      | 8102 ||| FLEEEEING.
  8103 | D:8      | 8103 ||| FLEEEEING.
  8104 | D:8      | 8104 ||| FLEEEEING.
  8105 | D:8      | 8105 ||| FLEEEEING.
  8106 | D:8      | 8106 ||| FLEEEEING.
  8107 | D:8      | 8107 ||| FLEEEEING.
  8108 | D:8      | 8108 ||| STAIRDANCE
  8210 | D:7      | 8210 ||| DROPPING amulet of magic regeneration.
  8211 | D:7      | 8211 ||| READING 2 scrolls of identify.
  8211 | D:7      | 8211 ||| IDENTIFYING lumpy white potion
  8214 | D:8      | 8214 ||| STAIRDANCE
  8340 | D:9      | 8340 ||| READING scroll of enchant weapon.
  8340 | D:9      | 8340 ||| ENCHANTING +2 broad axe of electrocution.
  8381 | D:9      | Noticed a two-headed ogre
  8382 | D:9      | 8382 ||| Stepping ~*~*~tactically~*~*~ (stealth).
  8383 | D:9      | 8383 ||| INVOKING Heroism.
  8395 | D:9      | 8395 ||| INVOKING Heroism.
  8398 | D:9      | Killed a two-headed ogre
  8399 | D:9      | Reached skill level 9 in Shields
  8556 | D:9      | 8556 ||| Stepping ~*~*~tactically~*~*~ (hiding).
  8585 | D:9      | 8585 ||| Stepping ~*~*~tactically~*~*~ (stealth).
  8597 | D:9      | 8597 ||| Stepping ~*~*~tactically~*~*~ (stealth).
  8610 | D:9      | 8610 ||| INVOKING Heroism.
  8656 | D:9      | 8656 ||| INVOKING Heroism.
  8661 | D:9      | Reached skill level 3 in Invocations
  8701 | D:9      | 8701 ||| INVOKING Heroism.
  8779 | D:9      | 8779 ||| Stepping ~*~*~tactically~*~*~ (stealth).
  8786 | D:9      | 8786 ||| Stepping ~*~*~tactically~*~*~ (stealth).
  8792 | D:9      | 8792 ||| Stepping ~*~*~tactically~*~*~ (hiding).
  8835 | D:9      | 8835 ||| Stepping ~*~*~tactically~*~*~ (stealth).
  8837 | D:9      | 8837 ||| Stepping ~*~*~tactically~*~*~ (stealth).
  8839 | D:9      | 8839 ||| Stepping ~*~*~tactically~*~*~ (hiding).
  8975 | D:9      | Noticed Grum
  8976 | D:9      | 8976 ||| INVOKING Heroism.
  8987 | D:9      | Killed Grum
  9038 | D:9      | Noticed Gastronok
  9039 | D:9      | 9039 ||| Stepping ~*~*~tactically~*~*~ (hiding).
  9041 | D:9      | 9041 ||| Stepping ~*~*~tactically~*~*~ (hiding).
  9043 | D:9      | 9043 ||| Stepping ~*~*~tactically~*~*~ (hiding).
  9051 | D:9      | 9051 ||| INVOKING Heroism.
  9059 | D:9      | Killed Gastronok
  9059 | D:9      | Reached ** piety under Okawaru
  9060 | D:9      | Reached XP level 11. HP: 67/67 MP: 12/14
  9106 | D:9      | 9106 ||| INVOKING Heroism.
  9152 | D:9      | Found a blossoming altar of Fedhas.
  9162 | D:9      | Reached skill level 8 in Fighting
  9205 | D:9      | Found a sacrificial altar of Ru.
  9220 | D:9      | 9220 ||| Stepping ~*~*~tactically~*~*~ (stealth).
  9221 | D:9      | 9221 ||| Stepping ~*~*~tactically~*~*~ (stealth).
  9225 | D:9      | 9225 ||| Stepping ~*~*~tactically~*~*~ (stealth).
  9229 | D:9      | 9229 ||| Stepping ~*~*~tactically~*~*~ (hiding).
  9335 | D:9      | 9335 ||| Stepping ~*~*~tactically~*~*~ (hiding).
  9581 | D:9      | Found a basalt altar of Yredelemnul.
  9633 | D:9      | 9633 ||| UPGRADING to +1 pair of gloves.
  9643 | D:9      | 9643 ||| DROPPING +0 pair of gloves.
  9644 | D:9      | 9644 ||| UPGRADING to +2 hat of willpower.
  9672 | D:10     | Entered Level 10 of the Dungeon
  9672 | D:10     | Found Vumot's Antique Armour Emporium.
  9677 | D:10     | 9677 ||| SHOPLISTING runed hat (210 gold, have 195).
  9697 | D:10     | Noticed Erica
  9698 | D:10     | 9698 ||| INVOKING Heroism.
  9712 | D:10     | Killed Erica
  9712 | D:10     | Reached *** piety under Okawaru
  9718 | D:10     | 9718 ||| INVOKING Heroism.
  9746 | D:10     | Found a staircase to the Orcish Mines.
  9803 | D:10     | Found a staircase to the Lair.
  9931 | D:10     | 9931 ||| INVOKING Heroism.
  9951 | D:10     | Found a broken altar of Ashenzari.
  9974 | D:10     | Noticed Erolcha
  9975 | D:10     | 9975 ||| INVOKING Heroism.
  9986 | D:10     | Killed Erolcha
 10013 | D:10     | 10013 ||| FLEEEEING.
 10014 | D:10     | 10014 ||| FLEEEEING.
 10015 | D:10     | 10015 ||| FLEEEEING.
 10045 | D:10     | 10045 ||| Stepping ~*~*~tactically~*~*~ (stealth).
 10046 | D:10     | 10046 ||| Stepping ~*~*~tactically~*~*~ (stealth).
 10047 | D:10     | 10047 ||| Stepping ~*~*~tactically~*~*~ (stealth).
 10052 | D:10     | 10052 ||| INVOKING Heroism.
 10075 | D:10     | Found a burning altar of Makhleb.
 10090 | D:10     | 10090 ||| Stepping ~*~*~tactically~*~*~ (stealth).
 10091 | D:10     | 10091 ||| Stepping ~*~*~tactically~*~*~ (stealth).
 10135 | D:10     | 10135 ||| Stepping ~*~*~tactically~*~*~ (stealth).
 10138 | D:10     | 10138 ||| Stepping ~*~*~tactically~*~*~ (stealth).
 10144 | D:10     | 10144 ||| DROPPING +0 flail.
 10146 | D:10     | 10146 ||| Stepping ~*~*~tactically~*~*~ (hiding).
 10148 | D:10     | 10148 ||| Stepping ~*~*~tactically~*~*~ (hiding).
 10150 | D:10     | 10150 ||| Stepping ~*~*~tactically~*~*~ (hiding).
 10232 | D:10     | 10232 ||| Stepping ~*~*~tactically~*~*~ (stealth).
 10238 | D:10     | 10238 ||| INVOKING Heroism.
 10238 | D:10     | Noticed Sonja
 10302 | D:10     | Killed Sonja
 10371 | D:10     | 10371 ||| INVOKING Heroism.
 10550 | D:10     | 10550 ||| INVOKING Heroism.
 10566 | D:10     | Found a bloodstained altar of Trog.
 10697 | D:10     | 10697 ||| PLANNING LAIR
 10697 | D:10     | 10697 ||| DROPPING +2 hat.
 10698 | D:10     | 10698 ||| READING 3 scrolls of identify.
 10698 | D:10     | 10698 ||| IDENTIFYING murky yellow potion
 10743 | Lair:1   | Entered Level 1 of the Lair of Beasts
 10749 | Lair:1   | 10749 ||| Stepping ~*~*~tactically~*~*~ (stealth).
 10750 | Lair:1   | 10750 ||| INVOKING Heroism.
 10751 | Lair:1   | 10751 ||| Stepping ~*~*~tactically~*~*~ (stealth).
 10764 | Lair:1   | Reached skill level 9 in Fighting
 10769 | Lair:1   | 10769 ||| INVOKING Heroism.
 10853 | Lair:1   | Found a basalt altar of Yredelemnul.
 10993 | Lair:1   | Reached **** piety under Okawaru
 11011 | Lair:1   | 11011 ||| INVOKING Heroism.
 11017 | Lair:1   | Reached XP level 12. HP: 51/76 MP: 12/15
 11204 | Lair:1   | 11204 ||| Stepping ~*~*~tactically~*~*~ (stealth).
 11270 | Lair:1   | 11270 ||| Stepping ~*~*~tactically~*~*~ (stealth).
 11406 | Lair:1   | 11406 ||| INVOKING Heroism.
 11522 | Lair:1   | 11522 ||| INVOKING Heroism.
 11641 | Lair:1   | 11641 ||| READING scroll labelled VASTARO BOAKKEA.
 11656 | Lair:2   | 11656 ||| INVOKING Heroism.
 11659 | Lair:2   | 11659 ||| STAIRDANCE
 11672 | Lair:2   | 11672 ||| STAIRDANCE
 11743 | Lair:2   | 11743 ||| STAIRDANCE
 11746 | Lair:1   | 11746 ||| INVOKING Heroism.
 11751 | Lair:1   | Reached skill level 6 in Invocations
 11835 | Lair:2   | Reached skill level 12 in Axes
 12034 | Lair:2   | 12034 ||| INVOKING Heroism.
 12035 | Lair:2   | 12035 ||| Stepping ~*~*~tactically~*~*~ (stealth).
 12053 | Lair:2   | 12053 ||| INVOKING Heroism.
 12075 | Lair:2   | Reached ***** piety under Okawaru
 12176 | Lair:2   | 12176 ||| INVOKING Heroism.
 12193 | Lair:2   | Reached skill level 9 in Armour
 12213 | Lair:2   | 12213 ||| INVOKING Heroism.
 12359 | Lair:2   | 12359 ||| Stepping ~*~*~tactically~*~*~ (stealth).
 12360 | Lair:2   | 12360 ||| Stepping ~*~*~tactically~*~*~ (stealth).
 12366 | Lair:2   | 12366 ||| Stepping ~*~*~tactically~*~*~ (stealth).
 12374 | Lair:2   | 12374 ||| FLEEEEING.
 12375 | Lair:2   | 12375 ||| FLEEEEING.
 12376 | Lair:2   | 12376 ||| FLEEEEING.
 12377 | Lair:2   | 12377 ||| FLEEEEING.
 12378 | Lair:2   | 12378 ||| FLEEEEING.
 12379 | Lair:2   | 12379 ||| FLEEEEING.
 12380 | Lair:2   | 12380 ||| FLEEEEING.
 12381 | Lair:2   | 12381 ||| FLEEEEING.
 12382 | Lair:2   | 12382 ||| FLEEEEING.
 12444 | Lair:2   | 12444 ||| Stepping ~*~*~tactically~*~*~ (stealth).
 12445 | Lair:2   | 12445 ||| Stepping ~*~*~tactically~*~*~ (stealth).
 12460 | Lair:2   | 12460 ||| INVOKING Heroism.
 12461 | Lair:2   | Identified the +8 flail of Infinity {speed, rElec rCorr
                  | Dex-2} (Okawaru gifted it to you on level 2 of the Lair of
                  | Beasts)
 12461 | Lair:2   | Received a gift from Okawaru
 12478 | Lair:2   | Reached skill level 10 in Fighting
 12508 | Lair:2   | 12508 ||| DROPPING +4 flail of freezing.
 12584 | Lair:2   | 12584 ||| INVOKING Heroism.
 13123 | Lair:3   | 13123 ||| Stepping ~*~*~tactically~*~*~ (stealth).
 13127 | Lair:3   | 13127 ||| INVOKING Heroism.
 13154 | Lair:3   | 13154 ||| INVOKING Heroism.
 13159 | Lair:3   | Reached skill level 9 in Invocations
 13159 | Lair:3   | Reached XP level 13. HP: 82/82 MP: 16/19
 13232 | Lair:3   | 13232 ||| INVOKING Heroism.
 13272 | Lair:3   | 13272 ||| Stepping ~*~*~tactically~*~*~ (hiding).
 13375 | Lair:3   | Found a hole to the Spider Nest.
 13399 | Lair:3   | 13399 ||| INVOKING Heroism.
 13447 | Lair:3   | 13447 ||| INVOKING Heroism.
 13497 | Lair:3   | 13497 ||| Stepping ~*~*~tactically~*~*~ (stealth).
 13579 | Lair:3   | 13579 ||| Stepping ~*~*~tactically~*~*~ (stealth).
 13581 | Lair:3   | 13581 ||| INVOKING Heroism.
 13669 | Lair:3   | Found a staircase to the Shoals.
 13937 | Lair:3   | Found a shadowy altar of Dithmenos.
 13950 | Lair:3   | 13950 ||| INVOKING Heroism.
 13969 | Lair:3   | Received a gift from Okawaru
 14000 | Lair:3   | 14000 ||| INVOKING Heroism.
 14190 | Lair:3   | 14190 ||| Stepping ~*~*~tactically~*~*~ (stealth).
 14229 | Lair:3   | 14229 ||| Stepping ~*~*~tactically~*~*~ (hiding).
 14233 | Lair:3   | 14233 ||| INVOKING Heroism.
 14246 | Lair:3   | 14246 ||| Stepping ~*~*~tactically~*~*~ (stealth).
 14496 | Lair:3   | 14496 ||| Stepping ~*~*~tactically~*~*~ (stealth).
 14497 | Lair:3   | 14497 ||| Stepping ~*~*~tactically~*~*~ (stealth).
 14688 | Lair:3   | 14688 ||| DROPPING +0 cloak of willpower.
 14784 | Lair:4   | 14784 ||| Stepping ~*~*~tactically~*~*~ (stealth).
 14791 | Lair:4   | 14791 ||| INVOKING Heroism.
 14878 | Lair:4   | 14878 ||| INVOKING Heroism.
 14999 | Lair:4   | Found a viscous altar of Jiyva.
 14999 | Lair:4   | Found a staircase to the Slime Pits.
 15321 | Lair:4   | 15321 ||| FLEEEEING.
 15322 | Lair:4   | 15322 ||| FLEEEEING.
 15323 | Lair:4   | 15323 ||| FLEEEEING.
 15324 | Lair:4   | 15324 ||| FLEEEEING.
 15325 | Lair:4   | 15325 ||| FLEEEEING.
 15326 | Lair:4   | 15326 ||| FLEEEEING.
 15327 | Lair:4   | 15327 ||| FLEEEEING.
 15328 | Lair:4   | 15328 ||| FLEEEEING.
 15329 | Lair:4   | 15329 ||| FLEEEEING.
 15330 | Lair:4   | 15330 ||| FLEEEEING.
 15331 | Lair:4   | 15331 ||| FLEEEEING.
 15332 | Lair:4   | 15332 ||| FLEEEEING.
 15333 | Lair:4   | 15333 ||| FLEEEEING.
 15334 | Lair:4   | 15334 ||| FLEEEEING.
 15335 | Lair:4   | 15335 ||| STAIRDANCE
 15357 | Lair:4   | 15357 ||| STAIRDANCE
 15370 | Lair:4   | 15370 ||| STAIRDANCE
 15473 | Lair:4   | 15473 ||| INVOKING Heroism.
 16021 | Lair:5   | Entered Level 5 of the Lair of Beasts
 16022 | Lair:5   | 16022 ||| INVOKING Heroism.
 16023 | Lair:5   | 16023 ||| STAIRDANCE
 16025 | Lair:4   | 16025 ||| INVOKING Finesse.
 16102 | Lair:5   | 16102 ||| STAIRDANCE
 16104 | Lair:4   | 16104 ||| INVOKING Heroism.
 16239 | Lair:5   | 16239 ||| STAIRDANCE
 16241 | Lair:4   | 16241 ||| INVOKING Heroism.
 16290 | Lair:5   | 16290 ||| Stepping ~*~*~tactically~*~*~ (stealth).
 16302 | Lair:5   | Received a gift from Okawaru
 16303 | Lair:5   | Gained mutation: Your large and strong wings let you fly.
                  | [Gargoyle growth]
 16303 | Lair:5   | Reached XP level 14. HP: 69/88 MP: 21/21
 16423 | Lair:5   | 16423 ||| Stepping ~*~*~tactically~*~*~ (hiding).
 16426 | Lair:5   | 16426 ||| INVOKING Heroism.
 16427 | Lair:5   | 16427 ||| INVOKING Finesse.
 16434 | Lair:5   | 16434 ||| SWAPPING to +8 flail of Infinity {speed, rElec
                  | rCorr Dex-2}.
 16444 | Lair:5   | Reached skill level 11 in Fighting
 16458 | Lair:5   | 16458 ||| SWAPPING to +3 broad axe of electrocution.
 16509 | Lair:5   | Received a gift from Okawaru
 16525 | Lair:5   | 16525 ||| INVOKING Heroism.
 16526 | Lair:5   | 16526 ||| INVOKING Finesse.
 16528 | Lair:5   | 16528 ||| SWAPPING to +8 flail of Infinity {speed, rElec
                  | rCorr Dex-2}.
 16539 | Lair:5   | 16539 ||| SWAPPING to +3 broad axe of electrocution.
 16541 | Lair:5   | 16541 ||| Stepping ~*~*~tactically~*~*~ (stealth).
 16590 | Lair:5   | Noticed a dire elephant
 16591 | Lair:5   | 16591 ||| INVOKING Heroism.
 16603 | Lair:5   | Killed a dire elephant
 16604 | Lair:5   | Reached skill level 12 in Shields
 16650 | Lair:5   | 16650 ||| INVOKING Heroism.
 16666 | Lair:5   | 16666 ||| INVOKING Finesse.
 16784 | Lair:5   | Found a burning altar of Makhleb.
 16790 | Lair:5   | Found a gateway to Hell.
 16884 | Lair:5   | 16884 ||| INVOKING Heroism.
 16887 | Lair:5   | 16887 ||| SWAPPING to +8 flail of Infinity {speed, rElec
                  | rCorr Dex-2}.
 16889 | Lair:5   | 16889 ||| Stepping ~*~*~tactically~*~*~ (outnumbered).
 16890 | Lair:5   | 16890 ||| Stepping ~*~*~tactically~*~*~ (outnumbered).
 16891 | Lair:5   | 16891 ||| Stepping ~*~*~tactically~*~*~ (outnumbered).
 16892 | Lair:5   | 16892 ||| Stepping ~*~*~tactically~*~*~ (outnumbered).
 16893 | Lair:5   | 16893 ||| Stepping ~*~*~tactically~*~*~ (outnumbered).
 16894 | Lair:5   | 16894 ||| Stepping ~*~*~tactically~*~*~ (outnumbered).
 16895 | Lair:5   | 16895 ||| Stepping ~*~*~tactically~*~*~ (outnumbered).
 16898 | Lair:5   | 16898 ||| SWAPPING to +3 broad axe of electrocution.
 16900 | Lair:5   | 16900 ||| SWAPPING to +8 flail of Infinity {speed, rElec
                  | rCorr Dex-2}.
 16905 | Lair:5   | 16905 ||| SWAPPING to +3 broad axe of electrocution.
 17094 | Lair:5   | Found the -2 hat of the Alchemist {rElec rPois rF+ rC+ rN+
                  | Will+ rMut rCorr}
 17459 | Lair:5   | 17459 ||| PLANNING D:1-11
 17459 | Lair:5   | 17459 ||| UPGRADING to -2 hat of the Alchemist {rElec rPois
                  | rF+ rC+ rN+ Will+ rMut rCorr}.
 17469 | Lair:5   | 17469 ||| READING scroll labelled KIOPPE WAIL.
 17470 | Lair:5   | 17470 ||| READING scroll labelled SEMEEGG DYFIWE.
 17571 | Lair:5   | 17571 ||| READING 5 scrolls of identify.
 17571 | Lair:5   | 17571 ||| IDENTIFYING fizzy coppery potion
 17572 | Lair:5   | 17572 ||| DROPPING potion of degeneration.
 17748 | D:11     | 17748 ||| Stepping ~*~*~tactically~*~*~ (hiding).
 17751 | D:11     | 17751 ||| Stepping ~*~*~tactically~*~*~ (hiding).
 17752 | D:11     | 17752 ||| Stepping ~*~*~tactically~*~*~ (hiding).
 17760 | D:11     | 17760 ||| Stepping ~*~*~tactically~*~*~ (stealth).
 17762 | D:11     | 17762 ||| Stepping ~*~*~tactically~*~*~ (stealth).
 17764 | D:11     | 17764 ||| Stepping ~*~*~tactically~*~*~ (stealth).
 17771 | D:11     | 17771 ||| Stepping ~*~*~tactically~*~*~ (stealth).
 17780 | D:11     | 17780 ||| Stepping ~*~*~tactically~*~*~ (stealth).
 18017 | D:11     | 18017 ||| INVOKING Heroism.
 18095 | D:11     | Identified the +1 leather armour of Conscience {rN+ Regen+
                  | Int-5 Dex+4}
 18174 | D:11     | 18174 ||| INVOKING Heroism.
 18183 | D:11     | Reached skill level 15 in Axes
 18485 | D:11     | 18485 ||| Stepping ~*~*~tactically~*~*~ (stealth).
 18486 | D:11     | 18486 ||| Stepping ~*~*~tactically~*~*~ (stealth).
 18490 | D:11     | 18490 ||| INVOKING Heroism.
 18707 | D:11     | 18707 ||| PLANNING D
 18707 | D:11     | 18707 ||| READING 4 scrolls of identify.
 18707 | D:11     | 18707 ||| IDENTIFYING ruby potion
 18708 | D:11     | 18708 ||| DROPPING potion of flight.
 18715 | D:12     | Noticed Psyche
 18719 | D:12     | Killed Psyche
 18878 | D:12     | 18878 ||| INVOKING Heroism.
 18916 | D:12     | 18916 ||| FLEEEEING.
 18917 | D:12     | 18917 ||| FLEEEEING.
 18927 | D:12     | 18927 ||| FLEEEEING.
 18928 | D:12     | 18928 ||| FLEEEEING.
 18929 | D:12     | 18929 ||| FLEEEEING.
 18930 | D:12     | 18930 ||| FLEEEEING.
 18931 | D:12     | 18931 ||| FLEEEEING.
 18932 | D:12     | 18932 ||| FLEEEEING.
 18933 | D:12     | 18933 ||| FLEEEEING.
 18934 | D:12     | 18934 ||| FLEEEEING.
 18935 | D:12     | 18935 ||| FLEEEEING.
 18936 | D:12     | 18936 ||| FLEEEEING.
 18937 | D:12     | 18937 ||| FLEEEEING.
 18938 | D:12     | 18938 ||| FLEEEEING.
 18939 | D:12     | 18939 ||| FLEEEEING.
 18940 | D:12     | 18940 ||| FLEEEEING.
 18941 | D:12     | 18941 ||| FLEEEEING.
 18942 | D:12     | 18942 ||| FLEEEEING.
 18943 | D:12     | 18943 ||| FLEEEEING.
 18944 | D:12     | 18944 ||| FLEEEEING.
 18945 | D:12     | 18945 ||| FLEEEEING.
 18946 | D:12     | 18946 ||| FLEEEEING.
 18947 | D:12     | 18947 ||| FLEEEEING.
 18948 | D:12     | 18948 ||| FLEEEEING.
 18949 | D:12     | 18949 ||| FLEEEEING.
 18950 | D:12     | 18950 ||| FLEEEEING.
 18951 | D:12     | 18951 ||| FLEEEEING.
 18952 | D:12     | 18952 ||| FLEEEEING.
 18953 | D:12     | 18953 ||| FLEEEEING.
 18954 | D:12     | 18954 ||| FLEEEEING.
 18955 | D:12     | 18955 ||| FLEEEEING.
 18956 | D:12     | 18956 ||| FLEEEEING.
 18957 | D:12     | 18957 ||| FLEEEEING.
 18958 | D:12     | 18958 ||| FLEEEEING.
 18959 | D:12     | 18959 ||| FLEEEEING.
 18960 | D:12     | 18960 ||| FLEEEEING.
 18961 | D:12     | 18961 ||| FLEEEEING.
 18962 | D:12     | 18962 ||| FLEEEEING.
 18963 | D:12     | 18963 ||| FLEEEEING.
 18964 | D:12     | 18964 ||| FLEEEEING.
 18965 | D:12     | 18965 ||| FLEEEEING.
 18966 | D:12     | 18966 ||| FLEEEEING.
 18967 | D:12     | 18967 ||| FLEEEEING.
 18968 | D:12     | 18968 ||| FLEEEEING.
 18969 | D:12     | 18969 ||| FLEEEEING.
 18970 | D:12     | 18970 ||| FLEEEEING.
 18971 | D:12     | 18971 ||| FLEEEEING.
 18972 | D:12     | 18972 ||| FLEEEEING.
 18973 | D:12     | 18973 ||| FLEEEEING.
 18974 | D:12     | 18974 ||| FLEEEEING.
 18975 | D:12     | 18975 ||| FLEEEEING.
 18976 | D:12     | 18976 ||| FLEEEEING.
 18977 | D:12     | 18977 ||| FLEEEEING.
 18978 | D:12     | 18978 ||| FLEEEEING.
 18979 | D:12     | 18979 ||| FLEEEEING.
 18980 | D:12     | 18980 ||| FLEEEEING.
 18981 | D:12     | 18981 ||| FLEEEEING.
 18982 | D:12     | 18982 ||| FLEEEEING.
 18983 | D:12     | 18983 ||| FLEEEEING.
 18984 | D:12     | 18984 ||| FLEEEEING.
 18985 | D:12     | 18985 ||| FLEEEEING.
 18986 | D:12     | 18986 ||| FLEEEEING.
 18987 | D:12     | 18987 ||| FLEEEEING.
 18988 | D:12     | 18988 ||| FLEEEEING.
 18989 | D:12     | 18989 ||| FLEEEEING.
 18991 | D:12     | 18991 ||| FLEEEEING.
 18992 | D:12     | 18992 ||| FLEEEEING.
 18993 | D:12     | 18993 ||| FLEEEEING.
 18994 | D:12     | 18994 ||| FLEEEEING.
 18995 | D:12     | 18995 ||| FLEEEEING.
 18996 | D:12     | 18996 ||| FLEEEEING.
 18997 | D:12     | 18997 ||| FLEEEEING.
 18998 | D:12     | 18998 ||| FLEEEEING.
 18999 | D:12     | 18999 ||| FLEEEEING.
 19000 | D:12     | 19000 ||| FLEEEEING.
 19001 | D:12     | 19001 ||| FLEEEEING.
 19002 | D:12     | 19002 ||| FLEEEEING.
 19003 | D:12     | 19003 ||| FLEEEEING.
 19004 | D:12     | 19004 ||| FLEEEEING.
 19005 | D:12     | 19005 ||| FLEEEEING.
 19006 | D:12     | 19006 ||| FLEEEEING.
 19007 | D:12     | 19007 ||| FLEEEEING.
 19008 | D:12     | 19008 ||| FLEEEEING.
 19009 | D:12     | 19009 ||| FLEEEEING.
 19010 | D:12     | 19010 ||| FLEEEEING.
 19011 | D:12     | 19011 ||| FLEEEEING.
 19012 | D:12     | 19012 ||| FLEEEEING.
 19013 | D:12     | 19013 ||| FLEEEEING.
 19014 | D:12     | 19014 ||| STAIRDANCE
 19112 | D:11     | 19112 ||| UPGRADING to +2 pair of gloves.
 19122 | D:11     | 19122 ||| DROPPING +1 pair of gloves.
 19149 | D:12     | 19149 ||| Stepping ~*~*~tactically~*~*~ (stealth).
 19161 | D:12     | 19161 ||| INVOKING Heroism.
 19267 | D:12     | Found a portal to a secret trove of treasure.
 19356 | D:12     | Identified the +12 mace "Cefusol" {flame, Will+ Dex+3}
 19381 | D:12     | Found Aharumea's Assorted Antiques.
 19388 | D:12     | 19388 ||| BUYING scroll of identify (76 gold).
 19388 | D:12     | Bought a scroll of identify for 76 gold pieces
 19388 | D:12     | 19388 ||| BUYING scroll of identify (76 gold).
 19388 | D:12     | Bought a scroll of identify for 76 gold pieces
 19388 | D:12     | 19388 ||| BUYING scroll of teleportation (114 gold).
 19388 | D:12     | Bought a scroll of teleportation for 114 gold pieces
 19388 | D:12     | 19388 ||| SHOPLISTING shiny plate armour (988 gold, have
                  | 935).
 19394 | D:12     | Found Jevegy's Weapon Boutique.
 19583 | D:12     | Noticed Jorgrun
 19584 | D:12     | 19584 ||| INVOKING Heroism.
 19585 | D:12     | 19585 ||| INVOKING Finesse.
 19595 | D:12     | Killed Jorgrun
 19738 | D:12     | 19738 ||| UPGRADING to +2 pair of boots of flying.
 19748 | D:12     | 19748 ||| DROPPING +0 pair of boots.
 19749 | D:12     | 19749 ||| UPGRADING to +1 kite shield of protection.
 19759 | D:12     | 19759 ||| DROPPING +0 kite shield.
 19905 | D:13     | Found a frozen archway.
 19927 | D:13     | 19927 ||| Stepping ~*~*~tactically~*~*~ (stealth).
 19930 | D:13     | Reached skill level 12 in Fighting
 19931 | D:13     | 19931 ||| Stepping ~*~*~tactically~*~*~ (hiding).
 19933 | D:13     | 19933 ||| INVOKING Heroism.
 20092 | D:13     | Found a gate to the Vaults.
 20093 | D:13     | 20093 ||| INVOKING Heroism.
 20094 | D:13     | 20094 ||| INVOKING Finesse.
 20098 | D:13     | Received a gift from Okawaru
 20099 | D:13     | Reached skill level 3 in Dodging
 20106 | D:13     | HP: 20/92 [vault guard/+1 bardiche of venom (17)]
 20107 | D:13     | 20107 ||| READING 11 scrolls of teleportation.
 20107 | D:13     | HP: 6/92 [boulder beetle (14)]
 20108 | D:13     | 20108 ||| DRINKING potion of heal wounds.
 20112 | D:13     | Reached XP level 15. HP: 21/96 MP: 15/22
 20113 | D:13     | HP: 20/96 [vault guard/+2 halberd of pain (1)]
 20118 | D:13     | 20118 ||| READING 10 scrolls of teleportation.
 20173 | D:13     | 20173 ||| INVOKING Heroism.
 20174 | D:13     | HP: 21/96 [vault guard/+1 bardiche of venom (14)]
 20175 | D:13     | 20175 ||| READING 9 scrolls of teleportation.
 20447 | D:13     | Noticed a frost giant
 20453 | D:13     | 20453 ||| INVOKING Heroism.
 20457 | D:13     | HP: 22/96 [frost giant/bolt of cold (11)]
 20458 | D:13     | 20458 ||| READING 8 scrolls of teleportation.
 20519 | D:13     | 20519 ||| Stepping ~*~*~tactically~*~*~ (stealth).
 20536 | D:13     | 20536 ||| INVOKING Heroism.
 20544 | D:13     | Killed a frost giant
 20745 | D:13     | 20745 ||| INVOKING Heroism.
 20879 | D:13     | 20879 ||| INVOKING Heroism.
 20915 | D:13     | 20915 ||| INVOKING Heroism.
 20938 | D:13     | 20938 ||| Stepping ~*~*~tactically~*~*~ (hiding).
 21068 | D:13     | 21068 ||| Stepping ~*~*~tactically~*~*~ (hiding).
 21105 | D:13     | 21105 ||| Stepping ~*~*~tactically~*~*~ (hiding).
 21111 | D:13     | 21111 ||| Stepping ~*~*~tactically~*~*~ (hiding).
 21198 | D:13     | 21198 ||| Stepping ~*~*~tactically~*~*~ (hiding).
 21205 | D:13     | 21205 ||| INVOKING Heroism.
 21501 | D:13     | 21501 ||| Stepping ~*~*~tactically~*~*~ (hiding).
 21502 | D:13     | 21502 ||| INVOKING Heroism.
 22415 | D:14     | 22415 ||| INVOKING Heroism.
 22432 | D:14     | HP: 18/96 [death knight/+0 glaive (15)]
 22433 | D:14     | 22433 ||| READING 8 scrolls of teleportation.
 22436 | D:14     | Identified the +6 hand axe "Orb Guardian's Death" {flame,
                  | Int+3} (Okawaru gifted it to you on level 14 of the
                  | Dungeon)
 22436 | D:14     | Received a gift from Okawaru
 22436 | D:14     | Noticed Snorg
 22437 | D:14     | 22437 ||| READING 7 scrolls of teleportation.
 22443 | D:14     | 22443 ||| READING 6 scrolls of teleportation.
 22740 | D:14     | 22740 ||| INVOKING Finesse.
 22747 | D:14     | Killed Snorg
 22831 | D:14     | 22831 ||| DROPPING +1 morningstar of venom.
 22832 | D:14     | 22832 ||| DROPPING +8 flail of Infinity {speed, rElec rCorr
                  | Dex-2}.
 22884 | D:14     | 22884 ||| INVOKING Heroism.
 22885 | D:14     | 22885 ||| SWAPPING to +6 hand axe "Orb Guardian's Death"
                  | {flame, Int+3}.
 22891 | D:14     | 22891 ||| SWAPPING to +3 broad axe of electrocution.
 22907 | D:14     | 22907 ||| Stepping ~*~*~tactically~*~*~ (hiding).
 23016 | D:14     | 23016 ||| Stepping ~*~*~tactically~*~*~ (hiding).
 23322 | D:14     | 23322 ||| READING scroll labelled XAWY ENAUMOMEA.
 23323 | D:14     | 23323 ||| READING 6 scrolls of identify.
 23323 | D:14     | 23323 ||| IDENTIFYING metallic ruby potion
 23360 | D:15     | Entered Level 15 of the Dungeon
 23386 | D:15     | 23386 ||| READING scroll of brand weapon.
 23386 | D:15     | 23386 ||| BRANDING +3 broad axe of electrocution.
 23392 | D:15     | 23392 ||| INVOKING Heroism.
 23507 | D:15     | 23507 ||| Stepping ~*~*~tactically~*~*~ (stealth).
 23509 | D:15     | 23509 ||| Stepping ~*~*~tactically~*~*~ (hiding).
 23512 | D:15     | 23512 ||| INVOKING Heroism.
 23544 | D:15     | Found a staircase to the Depths.
 23597 | D:15     | Identified the +0 pair of boots "Vonnigol" {rC+ Int+4}
                  | (Okawaru gifted it to you on level 15 of the Dungeon)
 23597 | D:15     | Received a gift from Okawaru
 23661 | D:15     | 23661 ||| READING scroll of enchant weapon.
 23661 | D:15     | 23661 ||| ENCHANTING +3 broad axe of venom.
 23687 | D:15     | 23687 ||| INVOKING Heroism.
 23750 | D:15     | 23750 ||| Stepping ~*~*~tactically~*~*~ (hiding).
 23784 | D:15     | Found a glowing silver altar of Zin.
 23796 | D:15     | Identified the +5 scale mail of Egalitarianism {rF- Regen+
                  | Dex+4 SInv}
 23879 | D:15     | 23879 ||| INVOKING Heroism.
 24077 | D:15     | 24077 ||| Stepping ~*~*~tactically~*~*~ (hiding).
 24078 | D:15     | 24078 ||| INVOKING Heroism.
 24081 | D:15     | 24081 ||| READING 5 scrolls of teleportation.
 24203 | D:15     | 24203 ||| INVOKING Heroism.
 24210 | D:15     | Reached skill level 13 in Fighting
 24249 | D:15     | Reached XP level 16. HP: 84/104 MP: 23/23
 24342 | D:15     | 24342 ||| Stepping ~*~*~tactically~*~*~ (stealth).
 24344 | D:15     | 24344 ||| Stepping ~*~*~tactically~*~*~ (stealth).
 24354 | D:15     | 24354 ||| FLEEEEING.
 24355 | D:15     | 24355 ||| FLEEEEING.
 24356 | D:15     | 24356 ||| FLEEEEING.
 24357 | D:15     | 24357 ||| FLEEEEING.
 24358 | D:15     | 24358 ||| FLEEEEING.
 24359 | D:15     | 24359 ||| FLEEEEING.
 24360 | D:15     | 24360 ||| FLEEEEING.
 24361 | D:15     | 24361 ||| FLEEEEING.
 24362 | D:15     | 24362 ||| FLEEEEING.
 24363 | D:15     | 24363 ||| Stepping ~*~*~tactically~*~*~ (hiding).
 24366 | D:15     | 24366 ||| INVOKING Heroism.
 24398 | D:15     | 24398 ||| Stepping ~*~*~tactically~*~*~ (stealth).
 24413 | D:15     | 24413 ||| Stepping ~*~*~tactically~*~*~ (stealth).
 24418 | D:15     | 24418 ||| Stepping ~*~*~tactically~*~*~ (stealth).
 24531 | D:15     | 24531 ||| PLANNING ORC
 24531 | D:15     | 24531 ||| UPGRADING to +5 scale mail of Egalitarianism {rF-
                  | Regen+ Dex+4 SInv}.
 24713 | Orc:1    | Entered Level 1 of the Orcish Mines
 24714 | Orc:1    | 24714 ||| INVOKING Heroism.
 24876 | Orc:1    | 24876 ||| INVOKING Heroism.
 24947 | Orc:1    | 24947 ||| Stepping ~*~*~tactically~*~*~ (stealth).
 24995 | Orc:2    | Entered Level 2 of the Orcish Mines
 24996 | Orc:2    | 24996 ||| PLANNING GAUNTLET
 25009 | Orc:2    | Noticed Urug
 25010 | Orc:2    | 25010 ||| INVOKING Heroism.
 25011 | Orc:2    | 25011 ||| INVOKING Finesse.
 25014 | Orc:2    | 25014 ||| Stepping ~*~*~tactically~*~*~ (hiding).
 25021 | Orc:2    | Killed Urug
 25032 | Orc:2    | 25032 ||| Stepping ~*~*~tactically~*~*~ (stealth).
 25033 | Orc:2    | 25033 ||| Stepping ~*~*~tactically~*~*~ (stealth).
 25085 | Orc:2    | Found Qosunyer's Magic Scroll Emporium.
 25086 | Orc:2    | 25086 ||| INVOKING Heroism.
 25089 | Orc:2    | Found Zanecsid's Distillery.
 25123 | Orc:2    | 25123 ||| Stepping ~*~*~tactically~*~*~ (hiding).
 25124 | Orc:2    | 25124 ||| Stepping ~*~*~tactically~*~*~ (hiding).
 25140 | Orc:2    | 25140 ||| Stepping ~*~*~tactically~*~*~ (stealth).
 25141 | Orc:2    | 25141 ||| Stepping ~*~*~tactically~*~*~ (hiding).
 25142 | Orc:2    | 25142 ||| Stepping ~*~*~tactically~*~*~ (hiding).
 25161 | Orc:2    | Reached skill level 3 in Throwing
 25174 | Orc:2    | 25174 ||| Stepping ~*~*~tactically~*~*~ (hiding).
 25180 | Orc:2    | 25180 ||| INVOKING Heroism.
 25206 | Orc:2    | 25206 ||| BUYING 2 scrolls of teleportation (96 gold).
 25206 | Orc:2    | Bought 2 scrolls of teleportation for 96 gold pieces
 25206 | Orc:2    | 25206 ||| BUYING scroll of brand weapon (152 gold).
 25206 | Orc:2    | Bought a scroll of brand weapon for 152 gold pieces
 25206 | Orc:2    | 25206 ||| BUYING scroll of enchant armour (120 gold).
 25206 | Orc:2    | Bought a scroll of enchant armour for 120 gold pieces
 25206 | Orc:2    | 25206 ||| READING scroll of brand weapon.
 25206 | Orc:2    | 25206 ||| BRANDING +4 broad axe of venom.
 25207 | Orc:2    | 25207 ||| READING scroll of enchant armour.
 25207 | Orc:2    | 25207 ||| ENCHANTING +0 cloak of willpower.
 25210 | Orc:2    | 25210 ||| BUYING 2 potions of curing (72 gold).
 25210 | Orc:2    | Bought 2 potions of curing for 72 gold pieces
 25210 | Orc:2    | 25210 ||| BUYING 2 potions of lignification (72 gold).
 25210 | Orc:2    | Bought 2 potions of lignification for 72 gold pieces
 25210 | Orc:2    | 25210 ||| BUYING potion of curing (36 gold).
 25210 | Orc:2    | Bought a potion of curing for 36 gold pieces
 25210 | Orc:2    | 25210 ||| BUYING potion of curing (36 gold).
 25210 | Orc:2    | Bought a potion of curing for 36 gold pieces
 25210 | Orc:2    | 25210 ||| BUYING potion of lignification (36 gold).
 25210 | Orc:2    | Bought a potion of lignification for 36 gold pieces
 25210 | Orc:2    | 25210 ||| BUYING potion of magic (96 gold).
 25210 | Orc:2    | Bought a potion of magic for 96 gold pieces
 25221 | Orc:2    | 25221 ||| Stepping ~*~*~tactically~*~*~ (stealth).
 25227 | Orc:2    | 25227 ||| INVOKING Heroism.
 25289 | Orc:2    | 25289 ||| Stepping ~*~*~tactically~*~*~ (stealth).
 25291 | Orc:2    | 25291 ||| Stepping ~*~*~tactically~*~*~ (stealth).
 25292 | Orc:2    | 25292 ||| Stepping ~*~*~tactically~*~*~ (stealth).
 25385 | Orc:2    | Found a staircase to the Elven Halls.
 25429 | Orc:2    | 25429 ||| Stepping ~*~*~tactically~*~*~ (hiding).
 25448 | Orc:2    | 25448 ||| Stepping ~*~*~tactically~*~*~ (hiding).
 25452 | Orc:2    | 25452 ||| INVOKING Heroism.
 25469 | Orc:2    | 25469 ||| RIP GAUNTLET
 25484 | Orc:2    | 25484 ||| PLANNING ORC
 25697 | Orc:2    | 25697 ||| INVOKING Heroism.
 25781 | Orc:2    | 25781 ||| Stepping ~*~*~tactically~*~*~ (hiding).
 25782 | Orc:2    | 25782 ||| Stepping ~*~*~tactically~*~*~ (stealth).
 25784 | Orc:2    | 25784 ||| INVOKING Heroism.
 25925 | Orc:2    | Found Gaocinu's Antique Armour Emporium.
 25934 | Orc:2    | 25934 ||| BUYING pair of glowing boots (195 gold).
 25934 | Orc:2    | Bought a pair of glowing boots for 195 gold pieces
 26090 | Orc:2    | 26090 ||| INVOKING Heroism.
 26091 | Orc:2    | 26091 ||| Stepping ~*~*~tactically~*~*~ (hiding).
 26092 | Orc:2    | 26092 ||| Stepping ~*~*~tactically~*~*~ (hiding).
 26122 | Orc:2    | 26122 ||| Stepping ~*~*~tactically~*~*~ (stealth).
 26124 | Orc:2    | 26124 ||| Stepping ~*~*~tactically~*~*~ (hiding).
 26138 | Orc:2    | 26138 ||| Stepping ~*~*~tactically~*~*~ (hiding).
 26151 | Orc:2    | 26151 ||| INVOKING Heroism.
 26161 | Orc:2    | 26161 ||| Stepping ~*~*~tactically~*~*~ (hiding).
 26207 | Orc:2    | 26207 ||| Stepping ~*~*~tactically~*~*~ (stealth).
 26236 | Orc:2    | 26236 ||| Stepping ~*~*~tactically~*~*~ (hiding).
 26238 | Orc:2    | 26238 ||| INVOKING Heroism.
 26250 | Orc:2    | 26250 ||| Stepping ~*~*~tactically~*~*~ (hiding).
 26267 | Orc:2    | 26267 ||| INVOKING Heroism.
 26268 | Orc:2    | HP: 22/104 [soul eater[an orc high priest] (5)]
 26269 | Orc:2    | 26269 ||| READING 6 scrolls of teleportation.
 26387 | Orc:2    | Found Eheeghum's Antique Weapon Shop.
 26387 | Orc:2    | Found Kotraome's Book Boutique.
 26388 | Orc:2    | Found a one-way gate leading to the halls of Pandemonium.
 26442 | Orc:2    | 26442 ||| INVOKING Heroism.
 26503 | Orc:2    | 26503 ||| DROPPING +2 pair of boots.
 26517 | Orc:1    | 26517 ||| INVOKING Heroism.
 26542 | Orc:1    | 26542 ||| Stepping ~*~*~tactically~*~*~ (hiding).
 26543 | Orc:1    | 26543 ||| Stepping ~*~*~tactically~*~*~ (hiding).
 26547 | Orc:1    | 26547 ||| Stepping ~*~*~tactically~*~*~ (stealth).
 26581 | Orc:1    | 26581 ||| INVOKING Heroism.
 26736 | Orc:1    | 26736 ||| PLANNING SHOALS:1-3
 26868 | Shoals:1 | Entered Level 1 of the Shoals
 26942 | Shoals:1 | 26942 ||| INVOKING Heroism.
 26975 | Shoals:1 | 26975 ||| INVOKING Heroism.
 26978 | Shoals:1 | Reached skill level 6 in Throwing
 26994 | Shoals:1 | Received a gift from Okawaru
 27040 | Shoals:1 | 27040 ||| INVOKING Heroism.
 27148 | Shoals:1 | 27148 ||| INVOKING Heroism.
 27158 | Shoals:1 | Received a gift from Okawaru
 27788 | Shoals:2 | 27788 ||| STAIRDANCE
 27801 | Shoals:2 | 27801 ||| STAIRDANCE
 27806 | Shoals:2 | 27806 ||| STAIRDANCE
 27810 | Shoals:2 | 27810 ||| INVOKING Heroism.
 27841 | Shoals:2 | 27841 ||| Stepping ~*~*~tactically~*~*~ (stealth).
 27940 | Shoals:2 | 27940 ||| INVOKING Heroism.
 27941 | Shoals:2 | 27941 ||| INVOKING Finesse.
 28017 | Shoals:2 | 28017 ||| INVOKING Heroism.
 28021 | Shoals:2 | Reached skill level 18 in Axes
 28349 | Shoals:2 | 28349 ||| INVOKING Heroism.
 28350 | Shoals:2 | Noticed Ilsuiw
 28351 | Shoals:2 | 28351 ||| INVOKING Finesse.
 28362 | Shoals:2 | Reached XP level 17. HP: 106/109 MP: 17/24
 28374 | Shoals:2 | Killed Ilsuiw
 28446 | Shoals:2 | 28446 ||| INVOKING Heroism.
 28484 | Shoals:2 | 28484 ||| Stepping ~*~*~tactically~*~*~ (hiding).
 28485 | Shoals:2 | 28485 ||| Stepping ~*~*~tactically~*~*~ (hiding).
 28497 | Shoals:2 | 28497 ||| INVOKING Heroism.
 28597 | Shoals:2 | 28597 ||| Stepping ~*~*~tactically~*~*~ (stealth).
 28602 | Shoals:2 | 28602 ||| INVOKING Heroism.
 28608 | Shoals:2 | Received a gift from Okawaru
 28610 | Shoals:2 | Reached skill level 14 in Fighting
 28650 | Shoals:2 | 28650 ||| Stepping ~*~*~tactically~*~*~ (stealth).
 28652 | Shoals:2 | 28652 ||| Stepping ~*~*~tactically~*~*~ (hiding).
 28783 | Shoals:2 | 28783 ||| DROPPING +2 pair of boots.
 28784 | Shoals:2 | 28784 ||| DROPPING +1 kite shield of reflection.
 28851 | Shoals:3 | 28851 ||| INVOKING Heroism.
 28852 | Shoals:3 | 28852 ||| INVOKING Finesse.
 28935 | Shoals:3 | 28935 ||| INVOKING Heroism.
 28936 | Shoals:3 | 28936 ||| INVOKING Finesse.
 28938 | Shoals:3 | Found the +2 shield of Resistance {rF++ rC++ Will++}
 29020 | Shoals:3 | 29020 ||| INVOKING Heroism.
 29021 | Shoals:3 | Noticed Polyphemus
 29022 | Shoals:3 | 29022 ||| INVOKING Finesse.
 29042 | Shoals:3 | Reached skill level 6 in Dodging
 29046 | Shoals:3 | Killed Polyphemus
 29063 | Shoals:3 | Noticed Louise
 29091 | Shoals:3 | Killed Louise
 29117 | Shoals:3 | 29117 ||| READING scroll of enchant armour.
 29117 | Shoals:3 | 29117 ||| ENCHANTING +1 cloak of willpower.
 29591 | Shoals:3 | 29591 ||| PLANNING SPIDER:1-3
 29591 | Shoals:3 | 29591 ||| UPGRADING to +2 shield of Resistance {rF++ rC++
                  | Will++}.
 29601 | Shoals:3 | 29601 ||| UPGRADING to +2 hat of willpower.
 29611 | Shoals:3 | 29611 ||| DROPPING +1 kite shield of protection.
 29747 | Spider:1 | Entered Level 1 of the Spider Nest
 29747 | Spider:1 | Noticed Azrael
 29748 | Spider:1 | 29748 ||| INVOKING Heroism.
 29761 | Spider:1 | Killed Azrael
 29762 | Spider:1 | Reached skill level 15 in Fighting
 30009 | Spider:1 | 30009 ||| INVOKING Heroism.
 30230 | Spider:1 | 30230 ||| INVOKING Heroism.
 30232 | Spider:1 | 30232 ||| Stepping ~*~*~tactically~*~*~ (stealth).
 30264 | Spider:1 | 30264 ||| READING scroll of enchant weapon.
 30264 | Spider:1 | 30264 ||| ENCHANTING +4 spectral broad axe.
 30344 | Spider:1 | 30344 ||| INVOKING Finesse.
 30346 | Spider:1 | 30346 ||| Stepping ~*~*~tactically~*~*~ (hiding).
 30379 | Spider:1 | 30379 ||| Stepping ~*~*~tactically~*~*~ (hiding).
 30386 | Spider:1 | Received a gift from Okawaru
 30789 | Spider:1 | 30789 ||| DROPPING +2 cloak.
 30835 | Spider:2 | 30835 ||| INVOKING Heroism.
 30836 | Spider:2 | 30836 ||| STAIRDANCE
 30847 | Spider:2 | 30847 ||| STAIRDANCE
 30863 | Spider:2 | 30863 ||| Stepping ~*~*~tactically~*~*~ (hiding).
 30868 | Spider:2 | 30868 ||| INVOKING Finesse.
 30879 | Spider:2 | 30879 ||| FLEEEEING.
 30880 | Spider:2 | 30880 ||| FLEEEEING.
 30881 | Spider:2 | 30881 ||| FLEEEEING.
 30882 | Spider:2 | 30882 ||| FLEEEEING.
 30883 | Spider:2 | 30883 ||| FLEEEEING.
 30884 | Spider:2 | 30884 ||| FLEEEEING.
 30885 | Spider:2 | 30885 ||| STAIRDANCE
 31014 | Spider:2 | 31014 ||| Stepping ~*~*~tactically~*~*~ (stealth).
 31045 | Spider:2 | 31045 ||| FLEEEEING.
 31046 | Spider:2 | 31046 ||| FLEEEEING.
 31078 | Spider:2 | 31078 ||| INVOKING Finesse.
 31090 | Spider:2 | 31090 ||| Stepping ~*~*~tactically~*~*~ (stealth).
 31091 | Spider:2 | 31091 ||| Stepping ~*~*~tactically~*~*~ (stealth).
 31097 | Spider:2 | 31097 ||| Stepping ~*~*~tactically~*~*~ (hiding).
 31098 | Spider:2 | 31098 ||| INVOKING Heroism.
 31134 | Spider:2 | 31134 ||| Stepping ~*~*~tactically~*~*~ (stealth).
 31146 | Spider:2 | 31146 ||| Stepping ~*~*~tactically~*~*~ (stealth).
 31149 | Spider:2 | 31149 ||| Stepping ~*~*~tactically~*~*~ (stealth).
 31183 | Spider:2 | 31183 ||| INVOKING Finesse.
 31209 | Spider:2 | 31209 ||| Stepping ~*~*~tactically~*~*~ (stealth).
 31212 | Spider:2 | 31212 ||| Stepping ~*~*~tactically~*~*~ (stealth).
 31221 | Spider:2 | 31221 ||| Stepping ~*~*~tactically~*~*~ (stealth).
 31222 | Spider:2 | 31222 ||| Stepping ~*~*~tactically~*~*~ (stealth).
 31223 | Spider:2 | 31223 ||| Stepping ~*~*~tactically~*~*~ (stealth).
 31228 | Spider:2 | 31228 ||| Stepping ~*~*~tactically~*~*~ (stealth).
 31261 | Spider:2 | 31261 ||| Stepping ~*~*~tactically~*~*~ (stealth).
 31262 | Spider:2 | 31262 ||| Stepping ~*~*~tactically~*~*~ (stealth).
 31263 | Spider:2 | 31263 ||| Stepping ~*~*~tactically~*~*~ (stealth).
 31267 | Spider:2 | 31267 ||| DRINKING 15 potions of curing.
 31267 | Spider:2 | 31267 ||| (to cure confusion)
 31295 | Spider:2 | 31295 ||| Stepping ~*~*~tactically~*~*~ (stealth).
 31312 | Spider:2 | 31312 ||| Stepping ~*~*~tactically~*~*~ (stealth).
 31325 | Spider:2 | 31325 ||| INVOKING Finesse.
 31332 | Spider:2 | Reached skill level 15 in Shields
 31362 | Spider:2 | 31362 ||| Stepping ~*~*~tactically~*~*~ (stealth).
 31363 | Spider:2 | 31363 ||| Stepping ~*~*~tactically~*~*~ (stealth).
 31366 | Spider:2 | 31366 ||| Stepping ~*~*~tactically~*~*~ (stealth).
 31368 | Spider:2 | 31368 ||| Stepping ~*~*~tactically~*~*~ (hiding).
 31408 | Spider:2 | 31408 ||| Stepping ~*~*~tactically~*~*~ (stealth).
 31412 | Spider:2 | 31412 ||| Stepping ~*~*~tactically~*~*~ (stealth).
 31479 | Spider:2 | 31479 ||| Stepping ~*~*~tactically~*~*~ (stealth).
 31499 | Spider:2 | 31499 ||| INVOKING Heroism.
 31508 | Spider:2 | 31508 ||| Stepping ~*~*~tactically~*~*~ (stealth).
 31509 | Spider:2 | 31509 ||| Stepping ~*~*~tactically~*~*~ (stealth).
 31511 | Spider:2 | 31511 ||| DRINKING 15 potions of curing.
 31511 | Spider:2 | 31511 ||| (to cure confusion)
 31518 | Spider:2 | 31518 ||| Stepping ~*~*~tactically~*~*~ (stealth).
 31521 | Spider:2 | 31521 ||| Stepping ~*~*~tactically~*~*~ (stealth).
 31523 | Spider:2 | 31523 ||| Stepping ~*~*~tactically~*~*~ (stealth).
 31524 | Spider:2 | 31524 ||| INVOKING Finesse.
 31567 | Spider:2 | 31567 ||| Stepping ~*~*~tactically~*~*~ (stealth).
 31569 | Spider:2 | 31569 ||| Stepping ~*~*~tactically~*~*~ (stealth).
 31572 | Spider:2 | 31572 ||| Stepping ~*~*~tactically~*~*~ (stealth).
 31653 | Spider:2 | 31653 ||| Stepping ~*~*~tactically~*~*~ (stealth).
 31659 | Spider:2 | 31659 ||| Stepping ~*~*~tactically~*~*~ (hiding).
 31662 | Spider:2 | 31662 ||| INVOKING Finesse.
 31798 | Spider:2 | 31798 ||| Stepping ~*~*~tactically~*~*~ (stealth).
 31800 | Spider:2 | 31800 ||| Stepping ~*~*~tactically~*~*~ (stealth).
 31801 | Spider:2 | 31801 ||| Stepping ~*~*~tactically~*~*~ (stealth).
 31802 | Spider:2 | 31802 ||| Stepping ~*~*~tactically~*~*~ (stealth).
 31803 | Spider:2 | 31803 ||| Stepping ~*~*~tactically~*~*~ (stealth).
 31883 | Spider:2 | 31883 ||| Stepping ~*~*~tactically~*~*~ (stealth).
 31885 | Spider:2 | 31885 ||| INVOKING Finesse.
 31924 | Spider:2 | Reached XP level 18. HP: 120/120 MP: 25/25
 31924 | Spider:2 | 31924 ||| DROPPING +6 hand axe "Orb Guardian's Death"
                  | {flame, Int+3}.
 31925 | Spider:2 | 31925 ||| Stepping ~*~*~tactically~*~*~ (stealth).
 31927 | Spider:2 | 31927 ||| Stepping ~*~*~tactically~*~*~ (stealth).
 31935 | Spider:2 | 31935 ||| Stepping ~*~*~tactically~*~*~ (hiding).
 31936 | Spider:2 | 31936 ||| Stepping ~*~*~tactically~*~*~ (hiding).
 31940 | Spider:2 | 31940 ||| INVOKING Finesse.
 31948 | Spider:2 | 31948 ||| INVOKING Heroism.
 31952 | Spider:2 | Reached skill level 16 in Fighting
 32252 | Spider:2 | 32252 ||| UPGRADING to +1 helmet.
 32372 | Spider:3 | 32372 ||| INVOKING Heroism.
 32373 | Spider:3 | 32373 ||| INVOKING Finesse.
 32381 | Spider:3 | Received a gift from Okawaru
 32538 | Spider:3 | 32538 ||| INVOKING Heroism.
 32714 | Spider:3 | 32714 ||| INVOKING Heroism.
 32738 | Spider:3 | 32738 ||| Stepping ~*~*~tactically~*~*~ (stealth).
 32861 | Spider:3 | Reached skill level 17 in Fighting
 32893 | Spider:3 | 32893 ||| Stepping ~*~*~tactically~*~*~ (stealth).
 32895 | Spider:3 | 32895 ||| Stepping ~*~*~tactically~*~*~ (stealth).
 32904 | Spider:3 | 32904 ||| Stepping ~*~*~tactically~*~*~ (stealth).
 32921 | Spider:3 | 32921 ||| Stepping ~*~*~tactically~*~*~ (stealth).
 32929 | Spider:3 | 32929 ||| Stepping ~*~*~tactically~*~*~ (stealth).
 32933 | Spider:3 | 32933 ||| Stepping ~*~*~tactically~*~*~ (stealth).
 32939 | Spider:3 | 32939 ||| Stepping ~*~*~tactically~*~*~ (hiding).
 32941 | Spider:3 | 32941 ||| Stepping ~*~*~tactically~*~*~ (stealth).
 32952 | Spider:3 | Reached skill level 12 in Armour
 32952 | Spider:3 | 32952 ||| Stepping randomly (cloudy).
 32955 | Spider:3 | 32955 ||| Stepping ~*~*~tactically~*~*~ (cloud).
 32969 | Spider:3 | 32969 ||| Stepping ~*~*~tactically~*~*~ (stealth).
 33013 | Spider:3 | 33013 ||| Stepping ~*~*~tactically~*~*~ (stealth).
 33014 | Spider:3 | 33014 ||| Stepping ~*~*~tactically~*~*~ (stealth).
 33029 | Spider:3 | Identified the +5 dagger of Efer {flame, Stlth+}
 33345 | Spider:3 | 33345 ||| PLANNING SHOALS:4
 33473 | Shoals:4 | Entered Level 4 of the Shoals
 33473 | Shoals:4 | Noticed Kirke
 33476 | Shoals:4 | 33476 ||| INVOKING Heroism.
 33481 | Shoals:4 | Killed Kirke
 33481 | Shoals:4 | Received a gift from Okawaru
 33515 | Shoals:4 | 33515 ||| INVOKING Heroism.
 33598 | Shoals:4 | 33598 ||| READING scroll of enchant weapon.
 33598 | Shoals:4 | 33598 ||| ENCHANTING +5 spectral broad axe.
 33623 | Shoals:4 | 33623 ||| Stepping ~*~*~tactically~*~*~ (hiding).
 33626 | Shoals:4 | 33626 ||| INVOKING Heroism.
 33627 | Shoals:4 | 33627 ||| INVOKING Finesse.
 33669 | Shoals:4 | 33669 ||| Stepping ~*~*~tactically~*~*~ (stealth).
 33689 | Shoals:4 | 33689 ||| Stepping ~*~*~tactically~*~*~ (hiding).
 33691 | Shoals:4 | 33691 ||| INVOKING Heroism.
 33692 | Shoals:4 | 33692 ||| INVOKING Finesse.
 33718 | Shoals:4 | 33718 ||| Stepping ~*~*~tactically~*~*~ (stealth).
 33787 | Shoals:4 | 33787 ||| Stepping ~*~*~tactically~*~*~ (hiding).
 33789 | Shoals:4 | 33789 ||| INVOKING Heroism.
 33796 | Shoals:4 | 33796 ||| INVOKING Finesse.
 33844 | Shoals:4 | Received a gift from Okawaru
 33845 | Shoals:4 | 33845 ||| INVOKING Heroism.
 33927 | Shoals:4 | Got a barnacled rune of Zot
 33974 | Shoals:4 | 33974 ||| Stepping ~*~*~tactically~*~*~ (hiding).
 33975 | Shoals:4 | 33975 ||| Stepping ~*~*~tactically~*~*~ (hiding).
 34049 | Shoals:4 | 34049 ||| Stepping ~*~*~tactically~*~*~ (stealth).
 34069 | Shoals:4 | 34069 ||| Stepping ~*~*~tactically~*~*~ (hiding).
 34073 | Shoals:4 | 34073 ||| Stepping ~*~*~tactically~*~*~ (hiding).
 34157 | Shoals:4 | 34157 ||| INVOKING Heroism.
 34217 | Shoals:4 | 34217 ||| Stepping ~*~*~tactically~*~*~ (hiding).
 34219 | Shoals:4 | 34219 ||| INVOKING Heroism.
 34240 | Shoals:4 | 34240 ||| Stepping ~*~*~tactically~*~*~ (stealth).
 34243 | Shoals:4 | 34243 ||| INVOKING Finesse.
 34247 | Shoals:4 | Identified the +3 ice dragon scales "Kom Iqat" {rElec rPois
                  | rF- rC++ Stlth+} (Okawaru gifted it to you on level 4 of
                  | the Shoals)
 34247 | Shoals:4 | Received a gift from Okawaru
 34265 | Shoals:4 | Reached skill level 9 in Throwing
 34358 | Shoals:4 | 34358 ||| INVOKING Heroism.
 34359 | Shoals:4 | 34359 ||| INVOKING Finesse.
 34448 | Shoals:4 | 34448 ||| INVOKING Heroism.
 34507 | Shoals:4 | 34507 ||| Stepping ~*~*~tactically~*~*~ (hiding).
 34508 | Shoals:4 | 34508 ||| Stepping ~*~*~tactically~*~*~ (hiding).
 34509 | Shoals:4 | 34509 ||| INVOKING Heroism.
 34510 | Shoals:4 | 34510 ||| INVOKING Finesse.
 34554 | Shoals:4 | 34554 ||| INVOKING Heroism.
 34559 | Shoals:4 | Reached XP level 19. HP: 128/128 MP: 23/26
 34723 | Shoals:4 | 34723 ||| Stepping ~*~*~tactically~*~*~ (hiding).
 34729 | Shoals:4 | 34729 ||| INVOKING Heroism.
 34827 | Shoals:4 | 34827 ||| PLANNING VAULTS:1-4
 35068 | Vaults:1 | Entered Level 1 of the Vaults
 35069 | Vaults:1 | 35069 ||| PLANNING BAZAAR
 35074 | Vaults:1 | 35074 ||| Stepping ~*~*~tactically~*~*~ (stealth).
 35077 | Vaults:1 | 35077 ||| Stepping ~*~*~tactically~*~*~ (stealth).
 35078 | Vaults:1 | 35078 ||| Stepping ~*~*~tactically~*~*~ (stealth).
 35079 | Vaults:1 | 35079 ||| INVOKING Heroism.
 35083 | Vaults:1 | 35083 ||| Stepping ~*~*~tactically~*~*~ (hiding).
 35087 | Vaults:1 | 35087 ||| Stepping ~*~*~tactically~*~*~ (stealth).
 35192 | Vaults:1 | 35192 ||| INVOKING Heroism.
 35334 | Vaults:1 | 35334 ||| Stepping ~*~*~tactically~*~*~ (stealth).
 35403 | Vaults:1 | 35403 ||| INVOKING Heroism.
 35407 | Vaults:1 | Reached skill level 18 in Fighting
 35497 | Vaults:1 | 35497 ||| INVOKING Heroism.
 35551 | Vaults:1 | 35551 ||| Stepping ~*~*~tactically~*~*~ (hiding).
 35564 | Vaults:1 | 35564 ||| Stepping ~*~*~tactically~*~*~ (hiding).
 35568 | Vaults:1 | 35568 ||| Stepping ~*~*~tactically~*~*~ (hiding).
 35659 | Vaults:1 | 35659 ||| READING scroll of enchant armour.
 35659 | Vaults:1 | 35659 ||| ENCHANTING +1 helmet.
 35664 | Vaults:1 | 35664 ||| INVOKING Heroism.
 35666 | Vaults:1 | 35666 ||| INVOKING Finesse.
 35793 | Vaults:1 | Received a gift from Okawaru
 35804 | Vaults:1 | 35804 ||| Stepping ~*~*~tactically~*~*~ (stealth).
 35808 | Vaults:1 | 35808 ||| Stepping ~*~*~tactically~*~*~ (stealth).
 35953 | Vaults:1 | Identified the +11 shortbow of Dullness {freeze, Dex+4}
 35978 | Vaults:1 | 35978 ||| Stepping ~*~*~tactically~*~*~ (hiding).
 35984 | Vaults:1 | 35984 ||| INVOKING Heroism.
 36079 | Vaults:1 | 36079 ||| Stepping ~*~*~tactically~*~*~ (stealth).
 36080 | Vaults:1 | 36080 ||| INVOKING Heroism.
 36098 | Vaults:1 | Received a gift from Okawaru
 36196 | Vaults:1 | 36196 ||| INVOKING Heroism.
 36205 | Vaults:1 | Identified the +1 ring mail of Bairabri {rPois Int+3 Dex+4}
                  | (Okawaru gifted it to you on level 1 of the Vaults)
 36205 | Vaults:1 | Received a gift from Okawaru
 36210 | Vaults:1 | 36210 ||| INVOKING Finesse.
 36307 | Vaults:1 | 36307 ||| Stepping ~*~*~tactically~*~*~ (stealth).
 36310 | Vaults:1 | 36310 ||| INVOKING Heroism.
 36319 | Vaults:1 | 36319 ||| RIP BAZAAR
 36320 | Vaults:1 | 36320 ||| PLANNING VAULTS:1-4
 36490 | Vaults:1 | 36490 ||| DROPPING +2 hat of willpower.
 36491 | Vaults:1 | 36491 ||| DROPPING +1 chain mail of cold resistance.
 36492 | Vaults:1 | 36492 ||| UPGRADING to amulet of the acrobat.
 36555 | Vaults:2 | 36555 ||| INVOKING Heroism.
 36556 | Vaults:2 | 36556 ||| INVOKING Finesse.
 36615 | Vaults:2 | Noticed a tentacled monstrosity
 36616 | Vaults:2 | 36616 ||| INVOKING Finesse.
 36624 | Vaults:2 | 36624 ||| INVOKING Heroism.
 36626 | Vaults:2 | Killed a tentacled monstrosity
 36627 | Vaults:2 | Reached skill level 19 in Fighting
 36715 | Vaults:2 | 36715 ||| Stepping ~*~*~tactically~*~*~ (hiding).
 36722 | Vaults:2 | Reached XP level 20. HP: 139/139 MP: 27/27
 36867 | Vaults:2 | 36867 ||| Stepping ~*~*~tactically~*~*~ (hiding).
 36870 | Vaults:2 | 36870 ||| INVOKING Heroism.
 36874 | Vaults:2 | 36874 ||| Stepping ~*~*~tactically~*~*~ (hiding).
 36961 | Vaults:2 | 36961 ||| INVOKING Heroism.
 37127 | Vaults:2 | 37127 ||| READING 13 scrolls of teleportation.
 37152 | Vaults:2 | 37152 ||| Stepping ~*~*~tactically~*~*~ (hiding).
 37153 | Vaults:2 | 37153 ||| Stepping ~*~*~tactically~*~*~ (hiding).
 37195 | Vaults:2 | 37195 ||| INVOKING Heroism.
 37255 | Vaults:2 | 37255 ||| Stepping ~*~*~tactically~*~*~ (hiding).
 37289 | Vaults:2 | Found a staircase to the Crypt.
 37350 | Vaults:2 | 37350 ||| Stepping ~*~*~tactically~*~*~ (hiding).
 37353 | Vaults:2 | 37353 ||| Stepping ~*~*~tactically~*~*~ (hiding).
 37355 | Vaults:2 | 37355 ||| Stepping ~*~*~tactically~*~*~ (hiding).
 37360 | Vaults:2 | 37360 ||| INVOKING Heroism.
 37522 | Vaults:2 | Received a gift from Okawaru
 37615 | Vaults:2 | 37615 ||| INVOKING Heroism.
 37630 | Vaults:2 | Reached skill level 9 in Dodging
 37780 | Vaults:2 | 37780 ||| Stepping ~*~*~tactically~*~*~ (stealth).
 37781 | Vaults:2 | 37781 ||| Stepping ~*~*~tactically~*~*~ (stealth).
 37808 | Vaults:2 | 37808 ||| Stepping ~*~*~tactically~*~*~ (stealth).
 37811 | Vaults:2 | 37811 ||| Stepping ~*~*~tactically~*~*~ (stealth).
 37813 | Vaults:2 | 37813 ||| Stepping ~*~*~tactically~*~*~ (stealth).
 37816 | Vaults:2 | 37816 ||| Stepping ~*~*~tactically~*~*~ (stealth).
 37987 | Vaults:3 | 37987 ||| Stepping ~*~*~tactically~*~*~ (hiding).
 37988 | Vaults:3 | 37988 ||| Stepping ~*~*~tactically~*~*~ (hiding).
 37995 | Vaults:3 | 37995 ||| Stepping ~*~*~tactically~*~*~ (hiding).
 37996 | Vaults:3 | 37996 ||| Stepping ~*~*~tactically~*~*~ (hiding).
 38085 | Vaults:3 | 38085 ||| INVOKING Heroism.
 38188 | Vaults:3 | Identified the +0 leather armour of Absence {rN+}
 38265 | Vaults:3 | 38265 ||| Stepping ~*~*~tactically~*~*~ (hiding).
 38269 | Vaults:3 | 38269 ||| Stepping ~*~*~tactically~*~*~ (hiding).
 38273 | Vaults:3 | 38273 ||| INVOKING Heroism.
 38323 | Vaults:3 | 38323 ||| Stepping ~*~*~tactically~*~*~ (stealth).
 38328 | Vaults:3 | 38328 ||| INVOKING Heroism.
 38344 | Vaults:3 | 38344 ||| Stepping ~*~*~tactically~*~*~ (stealth).
 38347 | Vaults:3 | 38347 ||| Stepping ~*~*~tactically~*~*~ (hiding).
 38349 | Vaults:3 | 38349 ||| Stepping ~*~*~tactically~*~*~ (hiding).
 38352 | Vaults:3 | 38352 ||| INVOKING Heroism.
 38415 | Vaults:3 | 38415 ||| INVOKING Finesse.
 38454 | Vaults:3 | 38454 ||| Stepping ~*~*~tactically~*~*~ (hiding).
 38456 | Vaults:3 | 38456 ||| Stepping ~*~*~tactically~*~*~ (hiding).
 38693 | Vaults:3 | 38693 ||| INVOKING Heroism.
 38702 | Vaults:3 | Received a gift from Okawaru
 38844 | Vaults:3 | 38844 ||| INVOKING Heroism.
 38948 | Vaults:3 | Received a gift from Okawaru
 39170 | Vaults:3 | Reached skill level 20 in Fighting
 39530 | Vaults:4 | 39530 ||| Stepping ~*~*~tactically~*~*~ (stealth).
 39532 | Vaults:4 | 39532 ||| INVOKING Heroism.
 39558 | Vaults:4 | Received a gift from Okawaru
 39610 | Vaults:4 | 39610 ||| Stepping ~*~*~tactically~*~*~ (hiding).
 39614 | Vaults:4 | 39614 ||| Stepping ~*~*~tactically~*~*~ (hiding).
 39624 | Vaults:4 | 39624 ||| INVOKING Heroism.
 39646 | Vaults:4 | HP: 29/140 [yaktaur/bolt[a vault warden] (18)]
 39647 | Vaults:4 | 39647 ||| READING 13 scrolls of teleportation.
 39648 | Vaults:4 | 39648 ||| DRINKING 4 potions of heal wounds.
 39662 | Vaults:4 | HP: 21/140 [yaktaur/bolt[a vault warden] (22)]
 39663 | Vaults:4 | 39663 ||| READING 12 scrolls of teleportation.
 39664 | Vaults:4 | 39664 ||| DRINKING 3 potions of heal wounds.
 39830 | Vaults:4 | Found Ofa Fos's Book Shoppe.
 39856 | Vaults:4 | 39856 ||| Stepping ~*~*~tactically~*~*~ (stealth).
 39860 | Vaults:4 | Reached XP level 21. HP: 141/146 MP: 28/28
 40039 | Vaults:4 | 40039 ||| Stepping ~*~*~tactically~*~*~ (stealth).
 40041 | Vaults:4 | 40041 ||| INVOKING Heroism.
 40058 | Vaults:4 | Identified the +1 pair of boots of Truth {rF++} (Okawaru
                  | gifted it to you on level 4 of the Vaults)
 40058 | Vaults:4 | Received a gift from Okawaru
 40114 | Vaults:4 | 40114 ||| Stepping ~*~*~tactically~*~*~ (stealth).
 40118 | Vaults:4 | 40118 ||| INVOKING Heroism.
 40228 | Vaults:4 | 40228 ||| Stepping ~*~*~tactically~*~*~ (hiding).
 40230 | Vaults:4 | 40230 ||| Stepping ~*~*~tactically~*~*~ (hiding).
 40269 | Vaults:4 | 40269 ||| Stepping ~*~*~tactically~*~*~ (stealth).
 40347 | Vaults:4 | 40347 ||| Stepping ~*~*~tactically~*~*~ (hiding).
 40353 | Vaults:4 | Reached skill level 15 in Armour
 40357 | Vaults:4 | 40357 ||| FLEEEEING.
 40358 | Vaults:4 | 40358 ||| FLEEEEING.
 40359 | Vaults:4 | 40359 ||| FLEEEEING.
 40360 | Vaults:4 | 40360 ||| FLEEEEING.
 40361 | Vaults:4 | 40361 ||| FLEEEEING.
 40362 | Vaults:4 | 40362 ||| FLEEEEING.
 40364 | Vaults:4 | 40364 ||| FLEEEEING.
 40365 | Vaults:4 | 40365 ||| FLEEEEING.
 40366 | Vaults:4 | 40366 ||| FLEEEEING.
 40367 | Vaults:4 | 40367 ||| FLEEEEING.
 40368 | Vaults:4 | 40368 ||| FLEEEEING.
 40374 | Vaults:4 | 40374 ||| Stepping ~*~*~tactically~*~*~ (hiding).
 40376 | Vaults:4 | 40376 ||| Stepping ~*~*~tactically~*~*~ (hiding).
 40438 | Vaults:4 | 40438 ||| FLEEEEING.
 40439 | Vaults:4 | 40439 ||| FLEEEEING.
 40440 | Vaults:4 | 40440 ||| FLEEEEING.
 40441 | Vaults:4 | 40441 ||| FLEEEEING.
 40442 | Vaults:4 | 40442 ||| FLEEEEING.
 40443 | Vaults:4 | 40443 ||| FLEEEEING.
 40444 | Vaults:4 | 40444 ||| FLEEEEING.
 40498 | Vaults:4 | 40498 ||| PLANNING SPIDER:4
 40799 | Spider:4 | Entered Level 4 of the Spider Nest
 40818 | Spider:4 | 40818 ||| FLEEEEING.
 40819 | Spider:4 | 40819 ||| STAIRDANCE
 40823 | Spider:4 | 40823 ||| STAIRDANCE
 40829 | Spider:4 | 40829 ||| STAIRDANCE
 40867 | Spider:4 | 40867 ||| Stepping ~*~*~tactically~*~*~ (hiding).
 40907 | Spider:4 | 40907 ||| Stepping ~*~*~tactically~*~*~ (hiding).
 40911 | Spider:4 | 40911 ||| Stepping ~*~*~tactically~*~*~ (stealth).
 40919 | Spider:4 | 40919 ||| INVOKING Heroism.
 40934 | Spider:4 | 40934 ||| Stepping ~*~*~tactically~*~*~ (stealth).
 40937 | Spider:4 | 40937 ||| Stepping ~*~*~tactically~*~*~ (stealth).
 40947 | Spider:4 | 40947 ||| Stepping ~*~*~tactically~*~*~ (stealth).
 40948 | Spider:4 | 40948 ||| Stepping ~*~*~tactically~*~*~ (stealth).
 40950 | Spider:4 | 40950 ||| Stepping ~*~*~tactically~*~*~ (stealth).
 40952 | Spider:4 | 40952 ||| Stepping ~*~*~tactically~*~*~ (stealth).
 40962 | Spider:4 | 40962 ||| FLEEEEING.
 40963 | Spider:4 | 40963 ||| INVOKING Heroism.
 40964 | Spider:4 | 40964 ||| INVOKING Finesse.
 41009 | Spider:4 | 41009 ||| INVOKING Heroism.
 41011 | Spider:4 | 41011 ||| FLEEEEING.
 41021 | Spider:4 | 41021 ||| FLEEEEING.
 41023 | Spider:4 | 41023 ||| FLEEEEING.
 41037 | Spider:4 | 41037 ||| Stepping ~*~*~tactically~*~*~ (stealth).
 41113 | Spider:4 | 41113 ||| Stepping ~*~*~tactically~*~*~ (hiding).
 41120 | Spider:4 | 41120 ||| Stepping ~*~*~tactically~*~*~ (stealth).
 41188 | Spider:4 | 41188 ||| Stepping ~*~*~tactically~*~*~ (stealth).
 41403 | Spider:4 | 41403 ||| Stepping ~*~*~tactically~*~*~ (stealth).
 41405 | Spider:4 | 41405 ||| Stepping ~*~*~tactically~*~*~ (hiding).
 41644 | Spider:4 | 41644 ||| FLEEEEING.
 41645 | Spider:4 | 41645 ||| FLEEEEING.
 41646 | Spider:4 | 41646 ||| FLEEEEING.
 41647 | Spider:4 | 41647 ||| FLEEEEING.
 41648 | Spider:4 | 41648 ||| STAIRDANCE
 41721 | Spider:4 | 41721 ||| Stepping ~*~*~tactically~*~*~ (stealth).
 41729 | Spider:4 | 41729 ||| INVOKING Heroism.
 41755 | Spider:4 | Reached skill level 21 in Fighting
 41802 | Spider:4 | 41802 ||| INVOKING Heroism.
 41817 | Spider:4 | 41817 ||| READING scroll of enchant weapon.
 41817 | Spider:4 | 41817 ||| ENCHANTING +6 spectral broad axe.
 41841 | Spider:4 | 41841 ||| Stepping ~*~*~tactically~*~*~ (hiding).
 41843 | Spider:4 | 41843 ||| INVOKING Finesse.
 41847 | Spider:4 | Reached skill level 18 in Shields
 41851 | Spider:4 | 41851 ||| INVOKING Heroism.
 41897 | Spider:4 | Got a gossamer rune of Zot
 42050 | Spider:4 | 42050 ||| PLANNING DEPTHS
 42050 | Spider:4 | 42050 ||| UPGRADING to +1 pair of gloves of strength.
 42060 | Spider:4 | 42060 ||| DROPPING +2 pair of gloves.
 42061 | Spider:4 | 42061 ||| DROPPING scarf of harm.
 42314 | Depths:1 | Entered Level 1 of the Depths
 42339 | Depths:1 | Found a transporter.
 42386 | Depths:1 | 42386 ||| INVOKING Heroism.
 42440 | Depths:1 | 42440 ||| Stepping ~*~*~tactically~*~*~ (stealth).
 42446 | Depths:1 | 42446 ||| Stepping ~*~*~tactically~*~*~ (stealth).
 42505 | Depths:1 | 42505 ||| Stepping ~*~*~tactically~*~*~ (stealth).
 42506 | Depths:1 | 42506 ||| Stepping ~*~*~tactically~*~*~ (stealth).
 42513 | Depths:1 | 42513 ||| Stepping ~*~*~tactically~*~*~ (hiding).
 42626 | Depths:1 | Found a transporter.
 42717 | Depths:1 | 42717 ||| Stepping ~*~*~tactically~*~*~ (hiding).
 42720 | Depths:1 | 42720 ||| Stepping ~*~*~tactically~*~*~ (hiding).
 42732 | Depths:1 | 42732 ||| INVOKING Heroism.
 42803 | Depths:1 | Found Lefurits's Weapon Boutique.
 42842 | Depths:1 | Noticed Mara
 42843 | Depths:1 | 42843 ||| INVOKING Heroism.
 42844 | Depths:1 | 42844 ||| INVOKING Finesse.
 42845 | Depths:1 | Noticed qw's illusion
 42873 | Depths:1 | Killed Mara
 42873 | Depths:1 | Received a gift from Okawaru
 42874 | Depths:1 | Found Buxiategha's Antique Armour Emporium.
 42883 | Depths:1 | Reached skill level 12 in Throwing
 42944 | Depths:1 | 42944 ||| BUYING runed chain mail (277 gold).
 42944 | Depths:1 | Bought a runed chain mail for 277 gold pieces
 42944 | Depths:1 | 42944 ||| BUYING runed plate armour (962 gold).
 42944 | Depths:1 | Bought a runed plate armour for 962 gold pieces
 43064 | Depths:1 | 43064 ||| INVOKING Heroism.
 43065 | Depths:1 | 43065 ||| INVOKING Finesse.
 43085 | Depths:1 | Received a gift from Okawaru
 43144 | Depths:1 | Found Ucras's Weapon Boutique.
 43204 | Depths:1 | Found a transporter.
 43223 | Depths:1 | Found a transporter.
 43289 | Depths:1 | Found Ussoam's Weapon Shoppe.
 43356 | Depths:1 | 43356 ||| DROPPING +0 plate armour.
 43357 | Depths:1 | 43357 ||| DROPPING +1 chain mail of cold resistance.
 43358 | Depths:1 | 43358 ||| DROPPING +2 chain mail of cold resistance.
 43417 | Depths:2 | 43417 ||| Stepping ~*~*~tactically~*~*~ (hiding).
 43525 | Depths:2 | 43525 ||| INVOKING Heroism.
 43526 | Depths:2 | 43526 ||| INVOKING Finesse.
 43661 | Depths:2 | 43661 ||| READING scroll of enchant armour.
 43661 | Depths:2 | 43661 ||| ENCHANTING +1 pair of gloves of strength.
 43784 | Depths:2 | 43784 ||| INVOKING Finesse.
 43785 | Depths:2 | 43785 ||| Stepping ~*~*~tactically~*~*~ (stealth).
 43815 | Depths:2 | Received a gift from Okawaru
 43852 | Depths:2 | 43852 ||| INVOKING Heroism.
 43857 | Depths:2 | Reached XP level 22. HP: 156/156 MP: 26/29
 43974 | Depths:2 | Reached skill level 22 in Fighting
 44032 | Depths:2 | 44032 ||| INVOKING Heroism.
 44072 | Depths:2 | Noticed Jory
 44072 | Depths:2 | 44072 ||| Stepping ~*~*~tactically~*~*~ (stealth).
 44085 | Depths:2 | 44085 ||| Stepping ~*~*~tactically~*~*~ (stealth).
 44109 | Depths:2 | Killed Jory
 44150 | Depths:2 | 44150 ||| DROPPING +1 broad axe of electrocution.
 44351 | Depths:2 | You are sucked into a shaft and drop 1 floor!
 44358 | Depths:3 | Noticed Mennas
 44359 | Depths:3 | 44359 ||| INVOKING Heroism.
 44360 | Depths:3 | 44360 ||| INVOKING Finesse.
 44385 | Depths:3 | Killed Mennas
 44418 | Depths:3 | Found a one-way gate to the infinite horrors of the Abyss.
 44470 | Depths:3 | 44470 ||| INVOKING Heroism.
 44484 | Depths:3 | Received a gift from Okawaru
 44494 | Depths:3 | 44494 ||| Stepping ~*~*~tactically~*~*~ (stealth).
 44595 | Depths:2 | 44595 ||| INVOKING Heroism.
 44596 | Depths:2 | 44596 ||| INVOKING Finesse.
 44745 | Depths:2 | 44745 ||| Stepping ~*~*~tactically~*~*~ (hiding).
 44750 | Depths:2 | 44750 ||| INVOKING Heroism.
 44907 | Depths:2 | 44907 ||| INVOKING Heroism.
 44910 | Depths:2 | Received a gift from Okawaru
 45195 | Depths:3 | 45195 ||| READING 13 scrolls of teleportation.
 45201 | Depths:3 | 45201 ||| INVOKING Heroism.
 45202 | Depths:3 | 45202 ||| INVOKING Finesse.
 45269 | Depths:3 | 45269 ||| Stepping ~*~*~tactically~*~*~ (stealth).
 45273 | Depths:3 | 45273 ||| INVOKING Heroism.
 45291 | Depths:3 | 45291 ||| Stepping ~*~*~tactically~*~*~ (hiding).
 45295 | Depths:3 | Received a gift from Okawaru
 45300 | Depths:3 | 45300 ||| INVOKING Finesse.
 45342 | Depths:3 | 45342 ||| INVOKING Heroism.
 45380 | Depths:3 | 45380 ||| INVOKING Finesse.
 45381 | Depths:3 | 45381 ||| Stepping ~*~*~tactically~*~*~ (hiding).
 45382 | Depths:3 | 45382 ||| INVOKING Heroism.
 45389 | Depths:3 | 45389 ||| FLEEEEING.
 45389 | Depths:3 | HP: 26/156 [living spell/divine providence[a walking divine
                  | tome] (16)]
 45390 | Depths:3 | 45390 ||| Stepping ~*~*~tactically~*~*~ (hiding).
 45391 | Depths:3 | 45391 ||| READING 12 scrolls of teleportation.
 45392 | Depths:3 | 45392 ||| DRINKING 4 potions of heal wounds.
 45521 | Depths:3 | Found Jockent's Magic Scroll Emporium.
 45523 | Depths:3 | Noticed Vv
 45524 | Depths:3 | 45524 ||| DRINKING 2 potions of resistance.
 45525 | Depths:3 | 45525 ||| INVOKING Heroism.
 45537 | Depths:3 | Killed Vv
 45558 | Depths:3 | Found Zivvapn's Magic Scroll Shoppe.
 45559 | Depths:3 | Found Ruhis's Magic Scroll Emporium.
 45562 | Depths:3 | 45562 ||| BUYING 3 scrolls of teleportation (180 gold).
 45562 | Depths:3 | Bought 3 scrolls of teleportation for 180 gold pieces
 45562 | Depths:3 | 45562 ||| BUYING scroll of enchant armour (150 gold).
 45562 | Depths:3 | Bought a scroll of enchant armour for 150 gold pieces
 45564 | Depths:3 | 45564 ||| BUYING scroll of enchant weapon (120 gold).
 45564 | Depths:3 | Bought a scroll of enchant weapon for 120 gold pieces
 45564 | Depths:3 | 45564 ||| READING scroll of enchant weapon.
 45564 | Depths:3 | 45564 ||| ENCHANTING +7 spectral broad axe.
 45567 | Depths:3 | 45567 ||| BUYING scroll of teleportation (69 gold).
 45567 | Depths:3 | Bought a scroll of teleportation for 69 gold pieces
 45628 | Depths:3 | 45628 ||| Stepping ~*~*~tactically~*~*~ (hiding).
 45657 | Depths:3 | 45657 ||| READING 15 scrolls of teleportation.
 45677 | Depths:3 | Noticed a juggernaut
 45678 | Depths:3 | 45678 ||| Stepping ~*~*~tactically~*~*~ (hiding).
 45689 | Depths:3 | 45689 ||| INVOKING Heroism.
 45693 | Depths:3 | Killed a juggernaut
 45737 | Depths:3 | 45737 ||| INVOKING Heroism.
 45738 | Depths:3 | 45738 ||| INVOKING Finesse.
 45739 | Depths:3 | 45739 ||| Stepping ~*~*~tactically~*~*~ (hiding).
 45755 | Depths:3 | Received a gift from Okawaru
 45799 | Depths:3 | 45799 ||| INVOKING Heroism.
 45901 | Depths:3 | 45901 ||| INVOKING Heroism.
 45902 | Depths:3 | 45902 ||| INVOKING Finesse.
 45952 | Depths:3 | Reached skill level 23 in Fighting
 45953 | Depths:3 | 45953 ||| INVOKING Heroism.
 45989 | Depths:3 | Noticed a golden dragon
 45990 | Depths:3 | 45990 ||| INVOKING Finesse.
 45997 | Depths:3 | Reached XP level 23. HP: 140/164 MP: 24/30
 46005 | Depths:3 | Killed a golden dragon
 46088 | Depths:3 | 46088 ||| Stepping ~*~*~tactically~*~*~ (stealth).
 46144 | Depths:3 | Received a gift from Okawaru
 46177 | Depths:3 | 46177 ||| DROPPING amulet of faith.
 46182 | Depths:3 | 46182 ||| READING 14 scrolls of teleportation.
 46250 | Depths:3 | Noticed Xtahua
 46251 | Depths:3 | 46251 ||| Stepping ~*~*~tactically~*~*~ (hiding).
 46254 | Depths:3 | 46254 ||| INVOKING Heroism.
 46261 | Depths:3 | Killed Xtahua
 46420 | Depths:3 | 46420 ||| Stepping ~*~*~tactically~*~*~ (stealth).
 46426 | Depths:3 | 46426 ||| Stepping ~*~*~tactically~*~*~ (hiding).
 46547 | Depths:3 | 46547 ||| Stepping ~*~*~tactically~*~*~ (stealth).
 46550 | Depths:3 | 46550 ||| INVOKING Finesse.
 46556 | Depths:3 | 46556 ||| INVOKING Heroism.
 46721 | Depths:3 | 46721 ||| Stepping ~*~*~tactically~*~*~ (stealth).
 46724 | Depths:3 | Noticed a golden dragon
 46724 | Depths:3 | Noticed a caustic shrike
 46724 | Depths:3 | Noticed a caustic shrike
 46724 | Depths:3 | Noticed a caustic shrike
 46724 | Depths:3 | Noticed a caustic shrike
 46725 | Depths:3 | 46725 ||| INVOKING Heroism.
 46726 | Depths:3 | 46726 ||| INVOKING Finesse.
 46731 | Depths:3 | Killed a caustic shrike
 46739 | Depths:3 | Killed a caustic shrike
 46745 | Depths:3 | HP: 40/164 [acid (8)]
 46746 | Depths:3 | 46746 ||| READING 13 scrolls of teleportation.
 46747 | Depths:3 | 46747 ||| DRINKING 6 potions of heal wounds.
 46749 | Depths:3 | 46749 ||| DRINKING 5 potions of heal wounds.
 46883 | Depths:3 | 46883 ||| Stepping ~*~*~tactically~*~*~ (stealth).
 46890 | Depths:3 | 46890 ||| Stepping ~*~*~tactically~*~*~ (stealth).
 46892 | Depths:3 | 46892 ||| INVOKING Heroism.
 46893 | Depths:3 | 46893 ||| INVOKING Finesse.
 46898 | Depths:3 | Killed a caustic shrike
 46903 | Depths:3 | 46903 ||| Stepping ~*~*~tactically~*~*~ (hiding).
 46941 | Depths:3 | 46941 ||| Stepping ~*~*~tactically~*~*~ (stealth).
 46966 | Depths:3 | 46966 ||| Stepping ~*~*~tactically~*~*~ (hiding).
 46972 | Depths:3 | 46972 ||| INVOKING Heroism.
 46973 | Depths:3 | 46973 ||| INVOKING Finesse.
 46978 | Depths:3 | Killed a golden dragon
 47022 | Depths:3 | 47022 ||| DROPPING +5 plate armour of ponderousness.
 47055 | Depths:3 | 47055 ||| INVOKING Heroism.
 47056 | Depths:3 | 47056 ||| INVOKING Finesse.
 47064 | Depths:3 | Killed a caustic shrike
 47135 | Depths:4 | Entered Level 4 of the Depths
 47135 | Depths:4 | Noticed a juggernaut
 47136 | Depths:4 | 47136 ||| INVOKING Heroism.
 47137 | Depths:4 | 47137 ||| STAIRDANCE
 47146 | Depths:3 | 47146 ||| INVOKING Finesse.
 47150 | Depths:3 | Killed a juggernaut
 47175 | Depths:4 | 47175 ||| STAIRDANCE
 47175 | Depths:4 | Paralysed by a floating eye for 2 turns
 47177 | Depths:4 | 47177 ||| STAIRDANCE
 47196 | Depths:4 | 47196 ||| STAIRDANCE
 47196 | Depths:4 | Paralysed by a floating eye for 2 turns
 47198 | Depths:4 | 47198 ||| STAIRDANCE
 47212 | Depths:4 | 47212 ||| STAIRDANCE
 47215 | Depths:3 | Received a gift from Okawaru
 47219 | Depths:4 | 47219 ||| INVOKING Finesse.
 47221 | Depths:4 | 47221 ||| STAIRDANCE
 47254 | Depths:4 | 47254 ||| Stepping ~*~*~tactically~*~*~ (stealth).
 47256 | Depths:4 | 47256 ||| INVOKING Heroism.
 47266 | Depths:4 | 47266 ||| Stepping ~*~*~tactically~*~*~ (stealth).
 47361 | Depths:4 | Found a one-way gateway to a ziggurat.
 47362 | Depths:4 | Noticed an ancient lich
 47363 | Depths:4 | 47363 ||| INVOKING Heroism.
 47364 | Depths:4 | 47364 ||| ZAPPING wand of digging (12).
 47371 | Depths:4 | Killed an ancient lich
 47380 | Depths:4 | Received a gift from Okawaru
 47409 | Depths:4 | Reached skill level 24 in Fighting
 47412 | Depths:4 | 47412 ||| FLEEEEING.
 47563 | Depths:4 | 47563 ||| INVOKING Heroism.
 47629 | Depths:4 | 47629 ||| Stepping ~*~*~tactically~*~*~ (hiding).
 47633 | Depths:4 | Received a gift from Okawaru
 47672 | Depths:4 | 47672 ||| INVOKING Heroism.
 47673 | Depths:4 | 47673 ||| INVOKING Finesse.
 47722 | Depths:4 | 47722 ||| INVOKING Heroism.
 47810 | Depths:4 | 47810 ||| INVOKING Finesse.
 47882 | Depths:4 | Identified the +8 spear "Huvvijy" {flame, *Rage Str+3 Int+3
                  | Stlth+}
 48093 | Depths:4 | 48093 ||| INVOKING Heroism.
 48131 | Depths:4 | Noticed a golden dragon
 48132 | Depths:4 | 48132 ||| INVOKING Heroism.
 48133 | Depths:4 | 48133 ||| INVOKING Finesse.
 48161 | Depths:4 | Killed a golden dragon
 48162 | Depths:4 | 48162 ||| Stepping ~*~*~tactically~*~*~ (hiding).
 48167 | Depths:4 | 48167 ||| Stepping ~*~*~tactically~*~*~ (hiding).
 48179 | Depths:4 | Received a gift from Okawaru
 48200 | Depths:4 | Found a gate to the Realm of Zot.
 48202 | Depths:4 | 48202 ||| PLANNING VAULTS:5
 48463 | Vaults:5 | Entered Level 5 of the Vaults
 48463 | Vaults:5 | Noticed an ancient lich
 48464 | Vaults:5 | 48464 ||| INVOKING Heroism.
 48465 | Vaults:5 | 48465 ||| STAIRDANCE
 48491 | Vaults:5 | 48491 ||| INVOKING Finesse.
 48493 | Vaults:5 | Noticed an ancient lich
 48497 | Vaults:5 | Reached XP level 24. HP: 128/173 MP: 25/30
 48498 | Vaults:5 | Noticed a dread lich
 48505 | Vaults:5 | Received a gift from Okawaru
 48506 | Vaults:5 | 48506 ||| STAIRDANCE
 48512 | Vaults:4 | Reached skill level 18 in Armour
 48602 | Vaults:5 | 48602 ||| INVOKING Heroism.
 48603 | Vaults:5 | 48603 ||| INVOKING Finesse.
 48611 | Vaults:5 | 48611 ||| STAIRDANCE
 48615 | Vaults:4 | Killed an ancient lich
 48615 | Vaults:4 | Killed an ancient lich
 48615 | Vaults:4 | Received a gift from Okawaru
 48616 | Vaults:4 | Killed a dread lich
 48621 | Vaults:4 | Received a gift from Okawaru
 48669 | Vaults:5 | 48669 ||| STAIRDANCE
 48671 | Vaults:4 | 48671 ||| INVOKING Heroism.
 48733 | Vaults:5 | 48733 ||| STAIRDANCE
 48751 | Vaults:4 | 48751 ||| DROPPING +0 tower shield.
 48754 | Vaults:5 | Noticed an ancient lich
 48755 | Vaults:5 | 48755 ||| INVOKING Heroism.
 48756 | Vaults:5 | 48756 ||| INVOKING Finesse.
 48768 | Vaults:5 | 48768 ||| STAIRDANCE
 48771 | Vaults:4 | 48771 ||| Stepping ~*~*~tactically~*~*~ (hiding).
 48776 | Vaults:4 | 48776 ||| FLEEEEING.
 48777 | Vaults:4 | 48777 ||| FLEEEEING.
 48778 | Vaults:4 | 48778 ||| FLEEEEING.
 48779 | Vaults:4 | 48779 ||| FLEEEEING.
 48786 | Vaults:4 | 48786 ||| FLEEEEING.
 48787 | Vaults:4 | 48787 ||| FLEEEEING.
 48788 | Vaults:4 | 48788 ||| FLEEEEING.
 48789 | Vaults:4 | 48789 ||| FLEEEEING.
 48790 | Vaults:4 | 48790 ||| FLEEEEING.
 48793 | Vaults:4 | 48793 ||| Stepping ~*~*~tactically~*~*~ (hiding).
 48878 | Vaults:5 | 48878 ||| INVOKING Heroism.
 48884 | Vaults:5 | Reached skill level 25 in Fighting
 48884 | Vaults:5 | Received a gift from Okawaru
 48889 | Vaults:5 | HP: 44/176 [vault sentinel/+0 morningstar (8)]
 48890 | Vaults:5 | 48890 ||| READING 12 scrolls of teleportation.
 48890 | Vaults:5 | Noticed an ancient lich
 48891 | Vaults:5 | 48891 ||| DRINKING 4 potions of heal wounds.
 48892 | Vaults:5 | 48892 ||| DRINKING 3 potions of heal wounds.
 48893 | Vaults:5 | 48893 ||| DRINKING 2 potions of heal wounds.
 48894 | Vaults:5 | HP: 34/176 [ettin/+0 dire flail (12)]
 48894 | Vaults:5 | HP: 13/176 [vault warden/+0 glaive (21)]
 48895 | Vaults:5 | 48895 ||| DRINKING potion of heal wounds.
 48896 | Vaults:5 | 48896 ||| READING 11 scrolls of teleportation.
 48899 | Vaults:5 | 48899 ||| FLEEEEING.
 48900 | Vaults:5 | 48900 ||| FLEEEEING.
 48902 | Vaults:5 | 48902 ||| READING 10 scrolls of teleportation.
 48971 | Vaults:5 | 48971 ||| Stepping ~*~*~tactically~*~*~ (stealth).
 48972 | Vaults:5 | 48972 ||| Stepping ~*~*~tactically~*~*~ (stealth).
 48979 | Vaults:5 | 48979 ||| INVOKING Heroism.
 49033 | Vaults:5 | 49033 ||| INVOKING Heroism.
 49042 | Vaults:5 | 49042 ||| Stepping ~*~*~tactically~*~*~ (hiding).
 49055 | Vaults:5 | 49055 ||| INVOKING Finesse.
 49056 | Vaults:5 | Identified the +0 pair of gloves "Nousiul" {rPois Will-
                  | Str+4 Dex+3} (Okawaru gifted it to you on level 5 of the
                  | Vaults)
 49056 | Vaults:5 | Received a gift from Okawaru
 49066 | Vaults:5 | 49066 ||| INVOKING Heroism.
 49067 | Vaults:5 | Killed an ancient lich
 49077 | Vaults:5 | 49077 ||| Stepping ~*~*~tactically~*~*~ (stealth).
 49080 | Vaults:5 | 49080 ||| Stepping ~*~*~tactically~*~*~ (stealth).
 49081 | Vaults:5 | 49081 ||| Stepping ~*~*~tactically~*~*~ (stealth).
 49145 | Vaults:5 | 49145 ||| READING scroll of acquirement.
 49145 | Vaults:5 | 49145 ||| ACQUIRING amulet of Yredelemnul's Favour {rC+
                  | Regen+ Int+6 Slay-4 Stlth+}
 49145 | Vaults:5 | Acquired the amulet of Yredelemnul's Favour {rC+ Regen+
                  | Int+6 Slay-4 Stlth+}
 49150 | Vaults:5 | 49150 ||| INVOKING Heroism.
 49189 | Vaults:5 | Reached skill level 12 in Dodging
 49192 | Vaults:5 | 49192 ||| INVOKING Heroism.
 49237 | Vaults:5 | Got a silver rune of Zot
 49294 | Vaults:5 | 49294 ||| Stepping ~*~*~tactically~*~*~ (hiding).
 49297 | Vaults:5 | 49297 ||| INVOKING Heroism.
 49298 | Vaults:5 | 49298 ||| INVOKING Finesse.
 49309 | Vaults:5 | Killed an ancient lich
 49362 | Vaults:5 | 49362 ||| Stepping ~*~*~tactically~*~*~ (stealth).
 49382 | Vaults:5 | 49382 ||| Stepping ~*~*~tactically~*~*~ (stealth).
 49384 | Vaults:5 | 49384 ||| Stepping ~*~*~tactically~*~*~ (stealth).
 49386 | Vaults:5 | 49386 ||| Stepping ~*~*~tactically~*~*~ (hiding).
 49394 | Vaults:5 | 49394 ||| Stepping ~*~*~tactically~*~*~ (hiding).
 49406 | Vaults:5 | 49406 ||| INVOKING Heroism.
 49409 | Vaults:5 | Identified the +6 halberd "Teic" {venom, Contam rElec rN+
                  | Will+++}
 49409 | Vaults:5 | Identified the ring of Runu Wua {Ice +Blink rElec rN+
                  | Slay+3}
 49410 | Vaults:5 | Identified the +8 trident of Uraq {freeze, rN+ Str-4 Dex+8}
 49410 | Vaults:5 | Identified the ring of Tender Moments {Ice MP+9 Str-4 Dex-3
                  | Slay+5}
 49472 | Vaults:5 | 49472 ||| Stepping ~*~*~tactically~*~*~ (stealth).
 49605 | Vaults:5 | 49605 ||| INVOKING Heroism.
 49626 | Vaults:5 | 49626 ||| Stepping ~*~*~tactically~*~*~ (hiding).
 49635 | Vaults:5 | Noticed a dread lich
 49636 | Vaults:5 | 49636 ||| INVOKING Finesse.
 49643 | Vaults:5 | Killed a dread lich
 49644 | Vaults:5 | Reached XP level 25. HP: 135/182 MP: 26/30
 49644 | Vaults:5 | Identified the +7 short sword of the Lair of Beasts {venom,
                  | Str+3}
 49727 | Vaults:5 | 49727 ||| Stepping ~*~*~tactically~*~*~ (stealth).
 49728 | Vaults:5 | 49728 ||| Stepping ~*~*~tactically~*~*~ (stealth).
 50069 | Vaults:5 | Noticed an ancient lich
 50070 | Vaults:5 | 50070 ||| INVOKING Heroism.
 50071 | Vaults:5 | 50071 ||| INVOKING Finesse.
 50078 | Vaults:5 | Killed an ancient lich
 50079 | Vaults:5 | Reached skill level 15 in Throwing
 50104 | Vaults:5 | Found the +6 lightning scales {swift, rElec}
 50164 | Vaults:5 | 50164 ||| Stepping ~*~*~tactically~*~*~ (hiding).
 50310 | Vaults:5 | 50310 ||| PLANNING SHOPPING SPREE
 50310 | Vaults:5 | 50310 ||| DROPPING +0 fire dragon scales.
 50311 | Vaults:5 | 50311 ||| DROPPING +0 pair of gloves "Nousiul" {rPois Will-
                  | Str+4 Dex+3}.
 50312 | Vaults:5 | 50312 ||| DROPPING +1 plate armour of cold resistance.
 50313 | Vaults:5 | 50313 ||| DROPPING +0 pair of gloves of hurling.
 50314 | Vaults:5 | 50314 ||| UPGRADING to amulet of reflection.
 50324 | Vaults:5 | 50324 ||| DROPPING amulet of the acrobat.
 50325 | Vaults:5 | 50325 ||| DROPPING ring of ice.
 50326 | Vaults:5 | 50326 ||| UPGRADING to ring of Runu Wua {Ice +Blink rElec
                  | rN+ Slay+3}.
 50328 | Vaults:5 | 50328 ||| UPGRADING to +1 pair of boots of Truth {rF++}.
 50625 | D:7      | 50625 ||| BUYING potion of might (48 gold).
 50625 | D:7      | Bought a potion of might for 48 gold pieces
 50840 | D:10     | 50840 ||| BUYING runed hat (210 gold).
 50840 | D:10     | Bought a runed hat for 210 gold pieces
 50840 | D:10     | 50840 ||| DROPPING +2 hat.
 50938 | D:12     | 50938 ||| BUYING shiny plate armour (988 gold).
 50938 | D:12     | Bought a shiny plate armour for 988 gold pieces
 50938 | D:12     | 50938 ||| DROPPING +4 plate armour.
 50939 | D:12     | 50939 ||| PLANNING ZOT:1-4
 51223 | Zot:1    | Entered Level 1 of the Realm of Zot
 51405 | Zot:1    | 51405 ||| Stepping ~*~*~tactically~*~*~ (hiding).
 51408 | Zot:1    | 51408 ||| Stepping ~*~*~tactically~*~*~ (hiding).
 51745 | Zot:1    | 51745 ||| Stepping ~*~*~tactically~*~*~ (hiding).
 51749 | Zot:1    | 51749 ||| INVOKING Heroism.
 51813 | Zot:1    | 51813 ||| Stepping ~*~*~tactically~*~*~ (hiding).
 51857 | Zot:1    | 51857 ||| INVOKING Heroism.
 51862 | Zot:1    | Received a gift from Okawaru
 51913 | Zot:1    | 51913 ||| INVOKING Heroism.
 52124 | Zot:1    | 52124 ||| Stepping ~*~*~tactically~*~*~ (hiding).
 52240 | Zot:1    | 52240 ||| UPGRADING to +4 ring of evasion.
 52242 | Zot:1    | 52242 ||| DROPPING ring of positive energy.
 52243 | Zot:1    | 52243 ||| UPGRADING to +6 ring of strength.
 52304 | Zot:2    | 52304 ||| INVOKING Heroism.
 52314 | Zot:2    | Reached skill level 26 in Fighting
 52318 | Zot:2    | Received a gift from Okawaru
 52398 | Zot:2    | 52398 ||| Stepping ~*~*~tactically~*~*~ (stealth).
 52399 | Zot:2    | 52399 ||| Stepping ~*~*~tactically~*~*~ (stealth).
 52454 | Zot:2    | 52454 ||| INVOKING Heroism.
 52650 | Zot:2    | Noticed a Killer Klown
 52651 | Zot:2    | 52651 ||| INVOKING Heroism.
 52652 | Zot:2    | 52652 ||| INVOKING Finesse.
 52674 | Zot:2    | Killed a Killer Klown
 52798 | Zot:2    | 52798 ||| INVOKING Heroism.
 52875 | Zot:2    | 52875 ||| INVOKING Heroism.
 52882 | Zot:2    | 52882 ||| FLEEEEING.
 52892 | Zot:2    | Received a gift from Okawaru
 53406 | Zot:3    | 53406 ||| Stepping ~*~*~tactically~*~*~ (stealth).
 53408 | Zot:3    | 53408 ||| INVOKING Heroism.
 53444 | Zot:3    | 53444 ||| INVOKING Heroism.
 53510 | Zot:3    | 53510 ||| FLEEEEING.
 53511 | Zot:3    | 53511 ||| FLEEEEING.
 53514 | Zot:3    | 53514 ||| STAIRDANCE
 53539 | Zot:2    | 53539 ||| DROPPING +1 pair of boots of stealth.
 53603 | Zot:3    | 53603 ||| Stepping ~*~*~tactically~*~*~ (stealth).
 53607 | Zot:3    | 53607 ||| Stepping ~*~*~tactically~*~*~ (stealth).
 53609 | Zot:3    | Identified the +7 mace of Coulimumiw {drain, rPois rC+
                  | Stlth+}
 53610 | Zot:3    | 53610 ||| Stepping ~*~*~tactically~*~*~ (hiding).
 53611 | Zot:3    | 53611 ||| Stepping ~*~*~tactically~*~*~ (hiding).
 53612 | Zot:3    | 53612 ||| Stepping ~*~*~tactically~*~*~ (hiding).
 53614 | Zot:3    | 53614 ||| INVOKING Heroism.
 53632 | Zot:3    | Received a gift from Okawaru
 53699 | Zot:3    | 53699 ||| FLEEEEING.
 53700 | Zot:3    | 53700 ||| FLEEEEING.
 53701 | Zot:3    | 53701 ||| FLEEEEING.
 53702 | Zot:3    | 53702 ||| FLEEEEING.
 53704 | Zot:3    | 53704 ||| FLEEEEING.
 53705 | Zot:3    | 53705 ||| FLEEEEING.
 53710 | Zot:3    | 53710 ||| FLEEEEING.
 53711 | Zot:3    | 53711 ||| INVOKING Heroism.
 53742 | Zot:3    | HP: 36/185 [yellow draconian/+0 trident (15)]
 53743 | Zot:3    | 53743 ||| READING 14 scrolls of teleportation.
 53744 | Zot:3    | 53744 ||| DRINKING potion of heal wounds.
 53746 | Zot:3    | 53746 ||| INVOKING Heroism.
 53747 | Zot:3    | HP: 34/185 [green draconian/+0 halberd (17)]
 53748 | Zot:3    | HP: 16/185 [yellow draconian/+0 trident (7)]
 53751 | Zot:3    | HP: 1/185 [yellow draconian/+0 trident (9)]
 53756 | Zot:3    | HP: 4/185 [something/+0 trident (2)]
 53756 | Zot:3    | HP: 1/185 [yellow draconian/+0 trident (3)]
 53757 | Zot:3    | 53757 ||| READING 13 scrolls of teleportation.
 53758 | Zot:3    | 53758 ||| FLEEEEING.
 53769 | Zot:3    | 53769 ||| FLEEEEING.
 53770 | Zot:3    | 53770 ||| FLEEEEING.
 53771 | Zot:3    | 53771 ||| FLEEEEING.
 53772 | Zot:3    | 53772 ||| FLEEEEING.
 53773 | Zot:3    | 53773 ||| FLEEEEING.
 53778 | Zot:3    | 53778 ||| STAIRDANCE
 53982 | Zot:3    | Noticed an orb of fire
 53983 | Zot:3    | 53983 ||| INVOKING Heroism.
 53985 | Zot:3    | 53985 ||| INVOKING Finesse.
 54013 | Zot:3    | Killed an orb of fire
 54013 | Zot:3    | Received a gift from Okawaru
 54115 | Zot:3    | Identified the +2 whip of Conformity {flame, rC- Str+3
                  | Int+3}
 54188 | Zot:3    | Noticed a Killer Klown
 54189 | Zot:3    | 54189 ||| INVOKING Heroism.
 54190 | Zot:3    | 54190 ||| INVOKING Finesse.
 54197 | Zot:3    | Killed a Killer Klown
 54310 | Zot:3    | 54310 ||| INVOKING Heroism.
 54319 | Zot:3    | Received a gift from Okawaru
 54319 | Zot:3    | Found the +8 mithril axe "Arga" {speed, Will+}
 54321 | Zot:3    | Reached skill level 27 in Fighting
 54327 | Zot:3    | Reached XP level 26. HP: 67/193 MP: 31/31
 54334 | Zot:3    | 54334 ||| Stepping ~*~*~tactically~*~*~ (cloud).
 54430 | Zot:3    | 54430 ||| SWAPPING to +8 mithril axe "Arga" {speed, Will+}.
 54431 | Zot:3    | 54431 ||| DROPPING +8 spectral broad axe.
 54513 | Zot:3    | 54513 ||| Stepping ~*~*~tactically~*~*~ (hiding).
 54702 | Zot:4    | 54702 ||| INVOKING Heroism.
 54883 | Zot:4    | 54883 ||| INVOKING Heroism.
 54919 | Zot:4    | 54919 ||| Stepping ~*~*~tactically~*~*~ (stealth).
 55139 | Zot:4    | Received a gift from Okawaru
 55153 | Zot:4    | 55153 ||| Stepping ~*~*~tactically~*~*~ (hiding).
 55157 | Zot:4    | 55157 ||| INVOKING Heroism.
 55267 | Zot:4    | 55267 ||| Stepping ~*~*~tactically~*~*~ (stealth).
 55279 | Zot:4    | 55279 ||| INVOKING Heroism.
 55325 | Zot:4    | Reached ****** piety under Okawaru
 55335 | Zot:4    | 55335 ||| Stepping ~*~*~tactically~*~*~ (stealth).
 55617 | Zot:4    | 55617 ||| Stepping ~*~*~tactically~*~*~ (hiding).
 55627 | Zot:4    | 55627 ||| INVOKING Heroism.
 55821 | Zot:4    | 55821 ||| INVOKING Heroism.
 55830 | Zot:4    | Identified the +5 plate armour of Epeituy {Dex+4} (Okawaru
                  | gifted it to you on level 4 of the Realm of Zot)
 55830 | Zot:4    | Received a gift from Okawaru
 55940 | Zot:4    | 55940 ||| PLANNING THE SHINING ONE WORSHIP
 55940 | Zot:4    | 55940 ||| UPGRADING to +2 tower shield.
 55950 | Zot:4    | 55950 ||| UPGRADING to +5 plate armour of Epeituy {Dex+4}.
 55960 | Zot:4    | 55960 ||| DROPPING +5 scale mail of Egalitarianism {rF-
                  | Regen+ Dex+4 SInv}.
 55961 | Zot:4    | 55961 ||| UPGRADING to -2 hat of the Alchemist {rElec rPois
                  | rF+ rC+ rN+ Will+ rMut rCorr}.
 55971 | Zot:4    | 55971 ||| UPGRADING to ring of see invisible.
 56742 | Temple   | Fell from the grace of Okawaru
 56742 | Temple   | Became a worshipper of the Shining One
 56743 | Temple   | 56743 ||| PLANNING CRYPT
 57010 | Crypt:1  | Entered Level 1 of the Crypt
 57061 | Crypt:1  | 57061 ||| Stepping ~*~*~tactically~*~*~ (hiding).
 57098 | Crypt:1  | 57098 ||| Stepping ~*~*~tactically~*~*~ (hiding).
 57118 | Crypt:1  | Reached skill level 12 in Invocations
 57253 | Crypt:1  | Reached * piety under the Shining One
 57269 | Crypt:1  | 57269 ||| Stepping ~*~*~tactically~*~*~ (hiding).
 57270 | Crypt:1  | 57270 ||| Stepping ~*~*~tactically~*~*~ (hiding).
 57304 | Crypt:1  | You are sucked into a shaft and drop 1 floor!
 57359 | Crypt:2  | 57359 ||| DROPPING +0 pair of gloves of strength.
 57376 | Crypt:1  | Reached ** piety under the Shining One
 57377 | Crypt:1  | 57377 ||| REMOVING ring of see invisible.
 57588 | Crypt:1  | 57588 ||| DRINKING 21 potions of curing.
 57588 | Crypt:1  | 57588 ||| (to cure confusion)
 57603 | Crypt:1  | Reached *** piety under the Shining One
 58099 | Crypt:1  | 58099 ||| UPGRADING to ring of protection from cold.
 58100 | Crypt:1  | 58100 ||| UPGRADING to ring of Tender Moments {Ice MP+9
                  | Str-4 Dex-3 Slay+5}.
 58135 | Crypt:1  | 58135 ||| UPGRADING to +6 ring of strength.
 58137 | Crypt:1  | 58137 ||| DROPPING ring of willpower.
 58138 | Crypt:1  | 58138 ||| DROPPING ring of see invisible.
 58281 | Crypt:2  | 58281 ||| Stepping ~*~*~tactically~*~*~ (hiding).
 58297 | Crypt:2  | Reached **** piety under the Shining One
 58357 | Crypt:2  | 58357 ||| INVOKING Cleansing Flame.
 58481 | Crypt:2  | 58481 ||| Stepping ~*~*~tactically~*~*~ (hiding).
 58491 | Crypt:2  | 58491 ||| Stepping ~*~*~tactically~*~*~ (hiding).
 58542 | Crypt:2  | Reached ***** piety under the Shining One
 58589 | Crypt:2  | 58589 ||| FLEEEEING.
 58590 | Crypt:2  | 58590 ||| FLEEEEING.
 58591 | Crypt:2  | 58591 ||| FLEEEEING.
 58592 | Crypt:2  | 58592 ||| FLEEEEING.
 58593 | Crypt:2  | 58593 ||| STAIRDANCE
 58695 | Crypt:1  | 58695 ||| UPGRADING to +4 ring of evasion.
 58697 | Crypt:1  | 58697 ||| DROPPING +6 ring of strength.
 58700 | Crypt:2  | 58700 ||| STAIRDANCE
 58718 | Crypt:2  | 58718 ||| Stepping ~*~*~tactically~*~*~ (hiding).
 58722 | Crypt:2  | 58722 ||| Stepping ~*~*~tactically~*~*~ (hiding).
 58772 | Crypt:2  | 58772 ||| DROPPING +0 war axe.
 59120 | Crypt:3  | Entered Level 3 of the Crypt
 59249 | Crypt:3  | Reached ****** piety under the Shining One
 59309 | Crypt:3  | 59309 ||| INVOKING Brand Weapon With Holy Wrath.
 59309 | Crypt:3  | Identified a +2 broad axe of holy wrath (a +0 broad axe
                  | blessed by the Shining One)
 59309 | Crypt:3  | Received a gift from the Shining One
 59335 | Crypt:3  | Reached skill level 15 in Invocations
 59381 | Crypt:3  | 59381 ||| Stepping ~*~*~tactically~*~*~ (hiding).
 59382 | Crypt:3  | 59382 ||| Stepping ~*~*~tactically~*~*~ (hiding).
 59680 | Crypt:3  | Reached skill level 21 in Shields
 59706 | Crypt:3  | Found the +0 mask of the Dragon {Will+ Slay+3 SInv}
 59714 | Crypt:3  | 59714 ||| DROPPING boomerang of dispersal.
 59715 | Crypt:3  | 59715 ||| DROPPING 2 silver boomerangs.
 59716 | Crypt:3  | 59716 ||| Stepping ~*~*~tactically~*~*~ (cloud).
 60038 | Crypt:3  | Reached XP level 27. HP: 199/199 MP: 34/34
 60143 | Crypt:3  | 60143 ||| Stepping ~*~*~tactically~*~*~ (hiding).
 60194 | Crypt:3  | 60194 ||| Stepping ~*~*~tactically~*~*~ (stealth).
 60443 | Crypt:3  | 60443 ||| FLEEEEING.
 60444 | Crypt:3  | 60444 ||| FLEEEEING.
 60445 | Crypt:3  | 60445 ||| FLEEEEING.
 60446 | Crypt:3  | 60446 ||| FLEEEEING.
 60447 | Crypt:3  | 60447 ||| FLEEEEING.
 60448 | Crypt:3  | 60448 ||| FLEEEEING.
 60449 | Crypt:3  | 60449 ||| FLEEEEING.
 60450 | Crypt:3  | 60450 ||| FLEEEEING.
 60451 | Crypt:3  | 60451 ||| FLEEEEING.
 60452 | Crypt:3  | 60452 ||| FLEEEEING.
 60453 | Crypt:3  | 60453 ||| FLEEEEING.
 60454 | Crypt:3  | 60454 ||| FLEEEEING.
 60455 | Crypt:3  | 60455 ||| FLEEEEING.
 60456 | Crypt:3  | 60456 ||| FLEEEEING.
 60457 | Crypt:3  | 60457 ||| FLEEEEING.
 60458 | Crypt:3  | 60458 ||| FLEEEEING.
 60459 | Crypt:3  | 60459 ||| FLEEEEING.
 60460 | Crypt:3  | 60460 ||| FLEEEEING.
 60461 | Crypt:3  | 60461 ||| FLEEEEING.
 60462 | Crypt:3  | 60462 ||| FLEEEEING.
 60463 | Crypt:3  | 60463 ||| FLEEEEING.
 60464 | Crypt:3  | 60464 ||| FLEEEEING.
 60465 | Crypt:3  | 60465 ||| FLEEEEING.
 60466 | Crypt:3  | 60466 ||| FLEEEEING.
 60467 | Crypt:3  | 60467 ||| FLEEEEING.
 60468 | Crypt:3  | 60468 ||| FLEEEEING.
 60469 | Crypt:3  | 60469 ||| FLEEEEING.
 60470 | Crypt:3  | 60470 ||| FLEEEEING.
 60475 | Crypt:3  | 60475 ||| Stepping ~*~*~tactically~*~*~ (hiding).
 60476 | Crypt:3  | 60476 ||| Stepping ~*~*~tactically~*~*~ (hiding).
 60477 | Crypt:3  | 60477 ||| Stepping ~*~*~tactically~*~*~ (hiding).
 60767 | Crypt:3  | 60767 ||| Stepping ~*~*~tactically~*~*~ (stealth).
 60768 | Crypt:3  | 60768 ||| Stepping ~*~*~tactically~*~*~ (stealth).
 60769 | Crypt:3  | 60769 ||| Stepping ~*~*~tactically~*~*~ (stealth).
 60807 | Crypt:3  | 60807 ||| INVOKING Summon Divine Warrior.
 60816 | Crypt:3  | 60816 ||| DROPPING 27 boomerangs.
 60817 | Crypt:3  | 60817 ||| Stepping randomly (cloudy).
 60818 | Crypt:3  | 60818 ||| Stepping randomly (cloudy).
 60986 | Crypt:3  | Found a staircase to the Tomb.
 61322 | Crypt:3  | Identified the +0 barding "Tobbocoi" {-Tele rF+ rN+ Dex+4}
 61358 | Crypt:3  | 61358 ||| PLANNING TOMB
 61358 | Crypt:3  | 61358 ||| DROPPING +2 plate armour of willpower.
 61359 | Crypt:3  | 61359 ||| UPGRADING to +0 mask of the Dragon {Will+ Slay+3
                  | SInv}.
 61369 | Crypt:3  | 61369 ||| DROPPING +6 ring of dexterity.
 61419 | Tomb:1   | Entered Level 1 of the Tomb of the Ancients
 61481 | Tomb:1   | Noticed a royal mummy
 61482 | Tomb:1   | 61482 ||| INVOKING Summon Divine Warrior.
 61482 | Tomb:1   | Identified the +1 tower shield "Weib" {rF+ Dex+3 SInv}
 61485 | Tomb:1   | Noticed Khufu
 61487 | Tomb:1   | 61487 ||| INVOKING Cleansing Flame.
 61495 | Tomb:1   | Killed a royal mummy
 61496 | Tomb:1   | 61496 ||| INVOKING Cleansing Flame.
 61497 | Tomb:1   | 61497 ||| INVOKING Cleansing Flame.
 61498 | Tomb:1   | 61498 ||| INVOKING Cleansing Flame.
 61499 | Tomb:1   | 61499 ||| INVOKING Cleansing Flame.
 61499 | Tomb:1   | Killed Khufu
 61622 | Tomb:1   | Was forgiven by Okawaru
 61813 | Tomb:1   | Noticed a royal mummy
 61814 | Tomb:1   | 61814 ||| INVOKING Summon Divine Warrior.
 61816 | Tomb:1   | 61816 ||| INVOKING Cleansing Flame.
 61823 | Tomb:1   | Killed a royal mummy
 61828 | Tomb:1   | Noticed a royal mummy
 61830 | Tomb:1   | 61830 ||| INVOKING Cleansing Flame.
 61831 | Tomb:1   | 61831 ||| INVOKING Cleansing Flame.
 61833 | Tomb:1   | 61833 ||| INVOKING Cleansing Flame.
 61834 | Tomb:1   | 61834 ||| INVOKING Cleansing Flame.
 61835 | Tomb:1   | 61835 ||| INVOKING Cleansing Flame.
 61836 | Tomb:1   | 61836 ||| INVOKING Cleansing Flame.
 61836 | Tomb:1   | Killed a royal mummy
 62047 | Tomb:1   | 62047 ||| INVOKING Cleansing Flame.
 62065 | Tomb:1   | 62065 ||| INVOKING Cleansing Flame.
 62105 | Tomb:1   | 62105 ||| Stepping ~*~*~tactically~*~*~ (hiding).
 62106 | Tomb:1   | 62106 ||| Stepping ~*~*~tactically~*~*~ (hiding).
 62108 | Tomb:1   | 62108 ||| Stepping ~*~*~tactically~*~*~ (hiding).
 62118 | Tomb:1   | 62118 ||| Stepping ~*~*~tactically~*~*~ (stealth).
 62119 | Tomb:1   | 62119 ||| Stepping ~*~*~tactically~*~*~ (stealth).
 62127 | Tomb:1   | 62127 ||| INVOKING Cleansing Flame.
 62211 | Tomb:1   | 62211 ||| INVOKING Cleansing Flame.
 62212 | Tomb:1   | Noticed a royal mummy
 62213 | Tomb:1   | 62213 ||| INVOKING Summon Divine Warrior.
 62237 | Tomb:1   | Killed a royal mummy
 62243 | Tomb:1   | 62243 ||| INVOKING Cleansing Flame.
 62408 | Tomb:1   | Identified the +1 chain mail "Vysky" {rElec rN+ Str-4
                  | Int+2}
 62416 | Tomb:1   | 62416 ||| INVOKING Cleansing Flame.
 62910 | Tomb:2   | 62910 ||| DRINKING 9 potions of haste.
 62911 | Tomb:2   | 62911 ||| DRINKING 8 potions of attraction.
 62913 | Tomb:2   | 62913 ||| INVOKING Cleansing Flame.
 62914 | Tomb:2   | Noticed a royal mummy
 62915 | Tomb:2   | 62915 ||| INVOKING Cleansing Flame.
 62916 | Tomb:2   | Reached skill level 18 in Invocations
 62916 | Tomb:2   | Noticed a royal mummy
 62916 | Tomb:2   | 62916 ||| INVOKING Summon Divine Warrior.
 62916 | Tomb:2   | Noticed a royal mummy
 62917 | Tomb:2   | Noticed a royal mummy
 62918 | Tomb:2   | 62918 ||| INVOKING Cleansing Flame.
 62921 | Tomb:2   | 62921 ||| INVOKING Cleansing Flame.
 62921 | Tomb:2   | HP: 47/199 [royal mummy/divine providence (13)]
 62922 | Tomb:2   | 62922 ||| READING 17 scrolls of teleportation.
 62923 | Tomb:2   | 62923 ||| INVOKING Cleansing Flame.
 62925 | Tomb:2   | Killed a royal mummy
 62931 | Tomb:2   | 62931 ||| INVOKING Summon Divine Warrior.
 62939 | Tomb:2   | 62939 ||| INVOKING Cleansing Flame.
 62940 | Tomb:2   | Killed a royal mummy
 62948 | Tomb:2   | Killed a royal mummy
 62955 | Tomb:2   | 62955 ||| INVOKING Cleansing Flame.
 62956 | Tomb:2   | 62956 ||| INVOKING Cleansing Flame.
 62961 | Tomb:2   | Killed a royal mummy
 63515 | Tomb:1   | Noticed a royal mummy
 63515 | Tomb:1   | Noticed a royal mummy
 63516 | Tomb:1   | 63516 ||| INVOKING Summon Divine Warrior.
 63518 | Tomb:1   | 63518 ||| INVOKING Cleansing Flame.
 63519 | Tomb:1   | 63519 ||| INVOKING Cleansing Flame.
 63520 | Tomb:1   | 63520 ||| INVOKING Cleansing Flame.
 63523 | Tomb:1   | Noticed a royal mummy
 63524 | Tomb:1   | Killed a royal mummy
 63525 | Tomb:1   | Killed a royal mummy
 63527 | Tomb:1   | 63527 ||| INVOKING Cleansing Flame.
 63528 | Tomb:1   | 63528 ||| INVOKING Cleansing Flame.
 63528 | Tomb:1   | Killed a royal mummy
 63530 | Tomb:1   | Noticed a royal mummy
 63532 | Tomb:1   | 63532 ||| INVOKING Cleansing Flame.
 63532 | Tomb:1   | Killed a royal mummy
 63535 | Tomb:1   | Noticed a royal mummy
 63536 | Tomb:1   | 63536 ||| INVOKING Cleansing Flame.
 63537 | Tomb:1   | 63537 ||| DRINKING 9 potions of magic.
 63538 | Tomb:1   | 63538 ||| INVOKING Cleansing Flame.
 63539 | Tomb:1   | 63539 ||| INVOKING Cleansing Flame.
 63540 | Tomb:1   | 63540 ||| INVOKING Cleansing Flame.
 63540 | Tomb:1   | Killed a royal mummy
 63559 | Tomb:1   | Noticed a royal mummy
 63560 | Tomb:1   | 63560 ||| INVOKING Cleansing Flame.
 63561 | Tomb:1   | 63561 ||| INVOKING Cleansing Flame.
 63562 | Tomb:1   | 63562 ||| INVOKING Cleansing Flame.
 63563 | Tomb:1   | 63563 ||| INVOKING Cleansing Flame.
 63563 | Tomb:1   | Killed a royal mummy
 63564 | Tomb:1   | Noticed a royal mummy
 63565 | Tomb:1   | 63565 ||| INVOKING Cleansing Flame.
 63566 | Tomb:1   | 63566 ||| DRINKING 8 potions of magic.
 63567 | Tomb:1   | 63567 ||| INVOKING Cleansing Flame.
 63568 | Tomb:1   | 63568 ||| INVOKING Cleansing Flame.
 63568 | Tomb:1   | Killed a royal mummy
 63590 | Tomb:1   | Noticed a royal mummy
 63591 | Tomb:1   | 63591 ||| INVOKING Cleansing Flame.
 63592 | Tomb:1   | 63592 ||| INVOKING Cleansing Flame.
 63592 | Tomb:1   | Killed a royal mummy
 63715 | Tomb:1   | Noticed a royal mummy
 63716 | Tomb:1   | 63716 ||| INVOKING Summon Divine Warrior.
 63720 | Tomb:1   | 63720 ||| INVOKING Cleansing Flame.
 63721 | Tomb:1   | 63721 ||| INVOKING Cleansing Flame.
 63721 | Tomb:1   | Killed a royal mummy
 63731 | Tomb:1   | Noticed a royal mummy
 63735 | Tomb:1   | 63735 ||| INVOKING Cleansing Flame.
 63736 | Tomb:1   | 63736 ||| INVOKING Cleansing Flame.
 63736 | Tomb:1   | Killed a royal mummy
 63743 | Tomb:1   | Gained mutation: You sometimes lose your temper in combat.
                  | [mutagenic glow]
 63744 | Tomb:1   | 63744 ||| DRINKING 6 potions of mutation.
 63744 | Tomb:1   | Lost mutation: You sometimes lose your temper in combat.
                  | [potion of mutation]
 63744 | Tomb:1   | Gained mutation: You are partially covered in iridescent
                  | scales. (AC +2) [potion of mutation]
 63744 | Tomb:1   | Gained mutation: You have sharp fingernails. [potion of
                  | mutation]
 63774 | Tomb:1   | Gained mutation: You are vulnerable to cold. (rC-)
                  | [mutagenic glow]
 63843 | Tomb:1   | 63843 ||| DRINKING 5 potions of mutation.
 63843 | Tomb:1   | Lost mutation: You are partially covered in iridescent
                  | scales. (AC +2) [potion of mutation]
 63843 | Tomb:1   | Lost mutation: You are vulnerable to cold. (rC-) [potion of
                  | mutation]
 63843 | Tomb:1   | Gained mutation: You are agile. (Dex +4, Str/Int -1)
                  | [potion of mutation]
 63843 | Tomb:1   | Gained mutation: You have a pair of small horns on your
                  | head. [potion of mutation]
 63843 | Tomb:1   | Gained mutation: Armour fits poorly on your strangely
                  | shaped body. [potion of mutation]
 63843 | Tomb:1   | Gained mutation: You are somewhat resistant to further
                  | mutation. [potion of mutation]
 63844 | Tomb:1   | 63844 ||| DRINKING 4 potions of mutation.
 63844 | Tomb:1   | Lost mutation: You are somewhat resistant to further
                  | mutation. [potion of mutation]
 63844 | Tomb:1   | Lost mutation: You are agile. (Dex +4, Str/Int -1) [potion
                  | of mutation]
 63844 | Tomb:1   | Lost mutation: You have sharp fingernails. [potion of
                  | mutation]
 63844 | Tomb:1   | Gained mutation: You occasionally lose the ability to drink
                  | potions when taking damage. [potion of mutation]
 63844 | Tomb:1   | Gained mutation: You sometimes lose the ability to drink
                  | potions when taking damage. [potion of mutation]
 63844 | Tomb:1   | Lost mutation: You sometimes lose the ability to drink
                  | potions when taking damage. [potion of mutation]
 63845 | Tomb:1   | 63845 ||| DRINKING 3 potions of mutation.
 63845 | Tomb:1   | Lost mutation: You have a pair of small horns on your head.
                  | [potion of mutation]
 63845 | Tomb:1   | Lost mutation: You occasionally lose the ability to drink
                  | potions when taking damage. [potion of mutation]
 63845 | Tomb:1   | Gained mutation: Your body sometimes deteriorates upon
                  | taking damage. [potion of mutation]
 63846 | Tomb:1   | 63846 ||| DRINKING 2 potions of mutation.
 63846 | Tomb:1   | Lost mutation: Your body sometimes deteriorates upon taking
                  | damage. [potion of mutation]
 63846 | Tomb:1   | Lost mutation: Armour fits poorly on your strangely shaped
                  | body. [potion of mutation]
 63846 | Tomb:1   | Gained mutation: Your body sometimes deteriorates upon
                  | taking damage. [potion of mutation]
 63846 | Tomb:1   | Gained mutation: Your muscles are strong. (Str +4, Int/Dex
                  | -1) [potion of mutation]
 63859 | Tomb:1   | Noticed a royal mummy
 63865 | Tomb:1   | Noticed a royal mummy
 63876 | Tomb:1   | Killed a royal mummy
 63878 | Tomb:1   | 63878 ||| INVOKING Cleansing Flame.
 63879 | Tomb:1   | 63879 ||| INVOKING Cleansing Flame.
 63880 | Tomb:1   | 63880 ||| INVOKING Cleansing Flame.
 63886 | Tomb:1   | Killed a royal mummy
 63891 | Tomb:1   | Noticed a royal mummy
 63905 | Tomb:1   | Killed a royal mummy
 63911 | Tomb:1   | Noticed a royal mummy
 63917 | Tomb:1   | 63917 ||| INVOKING Cleansing Flame.
 63918 | Tomb:1   | 63918 ||| INVOKING Cleansing Flame.
 63919 | Tomb:1   | 63919 ||| INVOKING Cleansing Flame.
 63920 | Tomb:1   | 63920 ||| INVOKING Cleansing Flame.
 63921 | Tomb:1   | 63921 ||| INVOKING Cleansing Flame.
 63921 | Tomb:1   | Killed a royal mummy
 63923 | Tomb:1   | Noticed a royal mummy
 63929 | Tomb:1   | 63929 ||| INVOKING Cleansing Flame.
 63930 | Tomb:1   | 63930 ||| INVOKING Cleansing Flame.
 63931 | Tomb:1   | 63931 ||| INVOKING Cleansing Flame.
 63935 | Tomb:1   | Killed a royal mummy
 64011 | Tomb:1   | Reached skill level 21 in Invocations
 64179 | Tomb:1   | 64179 ||| UPGRADING to ring of Runu Wua {Ice +Blink rElec
                  | rN+ Slay+3}.
 66100 | Tomb:2   | 66100 ||| INVOKING Cleansing Flame.
 66249 | Tomb:2   | Gained mutation: You are vulnerable to cold. (rC-)
                  | [mutagenic glow]
 66261 | Tomb:3   | Entered Level 3 of the Tomb of the Ancients
 66262 | Tomb:3   | 66262 ||| DRINKING 9 potions of haste.
 66263 | Tomb:3   | 66263 ||| DRINKING 7 potions of attraction.
 66282 | Tomb:3   | Noticed a royal mummy
 66283 | Tomb:3   | 66283 ||| INVOKING Summon Divine Warrior.
 66284 | Tomb:3   | 66284 ||| INVOKING Cleansing Flame.
 66284 | Tomb:3   | Noticed a royal mummy
 66287 | Tomb:3   | 66287 ||| INVOKING Cleansing Flame.
 66288 | Tomb:3   | 66288 ||| INVOKING Cleansing Flame.
 66289 | Tomb:3   | 66289 ||| INVOKING Cleansing Flame.
 66289 | Tomb:3   | Gained mutation: Your magical capacity is low. (-10% MP)
                  | [mutagenic glow]
 66290 | Tomb:3   | 66290 ||| INVOKING Cleansing Flame.
 66291 | Tomb:3   | 66291 ||| INVOKING Cleansing Flame.
 66291 | Tomb:3   | Killed a royal mummy
 66299 | Tomb:3   | Killed a royal mummy
 66301 | Tomb:3   | 66301 ||| INVOKING Cleansing Flame.
 66306 | Tomb:3   | 66306 ||| INVOKING Cleansing Flame.
 66307 | Tomb:3   | Noticed a royal mummy
 66311 | Tomb:3   | 66311 ||| INVOKING Cleansing Flame.
 66312 | Tomb:3   | 66312 ||| INVOKING Cleansing Flame.
 66313 | Tomb:3   | 66313 ||| INVOKING Cleansing Flame.
 66314 | Tomb:3   | 66314 ||| INVOKING Cleansing Flame.
 66314 | Tomb:3   | Killed a royal mummy
 66315 | Tomb:3   | 66315 ||| INVOKING Cleansing Flame.
 66315 | Tomb:3   | Noticed a royal mummy
 66320 | Tomb:3   | 66320 ||| INVOKING Cleansing Flame.
 66320 | Tomb:3   | Noticed a royal mummy
 66325 | Tomb:3   | 66325 ||| INVOKING Cleansing Flame.
 66325 | Tomb:3   | Killed a royal mummy
 66325 | Tomb:3   | Noticed a royal mummy
 66326 | Tomb:3   | 66326 ||| DRINKING 7 potions of magic.
 66326 | Tomb:3   | Gained mutation: You are dopey. (Int -2) [mutagenic glow]
 66327 | Tomb:3   | 66327 ||| INVOKING Cleansing Flame.
 66328 | Tomb:3   | 66328 ||| INVOKING Cleansing Flame.
 66329 | Tomb:3   | 66329 ||| INVOKING Cleansing Flame.
 66329 | Tomb:3   | HP: 44/199 [??? (8)]
 66329 | Tomb:3   | Killed a royal mummy
 66330 | Tomb:3   | 66330 ||| READING 17 scrolls of teleportation.
 66332 | Tomb:3   | 66332 ||| INVOKING Cleansing Flame.
 66332 | Tomb:3   | HP: 21/199 [??? (3)]
 66336 | Tomb:3   | 66336 ||| READING 16 scrolls of teleportation.
 66343 | Tomb:3   | 66343 ||| READING 15 scrolls of teleportation.
 66346 | Tomb:3   | 66346 ||| INVOKING Cleansing Flame.
 66353 | Tomb:3   | Gained mutation: You are clumsy. (Dex -2) [mutagenic glow]
 66356 | Tomb:3   | Noticed a royal mummy
 66357 | Tomb:3   | 66357 ||| Stepping ~*~*~tactically~*~*~ (hiding).
 66357 | Tomb:3   | HP: 46/199 [??? (9)]
 66358 | Tomb:3   | 66358 ||| Stepping ~*~*~tactically~*~*~ (hiding).
 66359 | Tomb:3   | 66359 ||| READING 14 scrolls of teleportation.
 66362 | Tomb:3   | Found the +2 hat of the Bear Spirit {Spirit, *Rage Will++}
 66368 | Tomb:3   | Gained mutation: You are very clumsy. (Dex -4) [mutagenic
                  | glow]
 66371 | Tomb:3   | Noticed a royal mummy
 66372 | Tomb:3   | 66372 ||| INVOKING Summon Divine Warrior.
 66374 | Tomb:3   | HP: 45/199 [royal mummy/divine providence (9)]
 66375 | Tomb:3   | 66375 ||| READING 13 scrolls of teleportation.
 66378 | Tomb:3   | Killed a royal mummy
 66378 | Tomb:3   | Lost dexterity.
 66379 | Tomb:3   | HP: 46/199 [??? (8)]
 66398 | Tomb:3   | Gained mutation: You are frail. (-10% HP) [mutagenic glow]
 66407 | Tomb:3   | 66407 ||| INVOKING Summon Divine Warrior.
 66407 | Tomb:3   | Identified the +1 tower shield of the Playwright {rElec rC+
                  | Str+3}
 66424 | Tomb:3   | Noticed a royal mummy
 66425 | Tomb:3   | 66425 ||| INVOKING Cleansing Flame.
 66426 | Tomb:3   | 66426 ||| INVOKING Cleansing Flame.
 66427 | Tomb:3   | 66427 ||| INVOKING Cleansing Flame.
 66427 | Tomb:3   | Killed a royal mummy
 66440 | Tomb:3   | 66440 ||| DRINKING 6 potions of magic.
 66444 | Tomb:3   | Killed a royal mummy
 66570 | Tomb:3   | 66570 ||| INVOKING Cleansing Flame.
 66571 | Tomb:3   | 66571 ||| DRINKING 2 potions of mutation.
 66571 | Tomb:3   | Lost mutation: Your body sometimes deteriorates upon taking
                  | damage. [potion of mutation]
 66571 | Tomb:3   | Lost mutation: You are vulnerable to cold. (rC-) [potion of
                  | mutation]
 66571 | Tomb:3   | Lost mutation: Your magical capacity is low. (-10% MP)
                  | [potion of mutation]
 66571 | Tomb:3   | Gained mutation: Your natural rate of healing is unusually
                  | fast. [potion of mutation]
 66571 | Tomb:3   | Gained mutation: You possess an exceptional clarity of
                  | mind. [potion of mutation]
 66572 | Tomb:3   | 66572 ||| DRINKING potion of mutation.
 66572 | Tomb:3   | Lost mutation: Your muscles are strong. (Str +4, Int/Dex
                  | -1) [potion of mutation]
 66572 | Tomb:3   | Lost mutation: You possess an exceptional clarity of mind.
                  | [potion of mutation]
 66572 | Tomb:3   | Gained mutation: You expend magic power (3 MP) to
                  | strengthen your wands. [potion of mutation]
 66572 | Tomb:3   | Lost mutation: You are dopey. (Int -2) [potion of mutation]
 66572 | Tomb:3   | Gained mutation: Your mind is acute. (Int +4, Str/Dex -1)
                  | [potion of mutation]
 66584 | Tomb:3   | Killed a royal mummy
 66668 | Tomb:3   | Got a golden rune of Zot
 66701 | Tomb:3   | Identified the +1 robe "Tisokatz" {rPois rC++ rCorr Str-3}
 66787 | Tomb:3   | 66787 ||| INVOKING Cleansing Flame.
 66975 | Tomb:3   | Identified the +6 dagger "Cutuz" {vamp, Fly rC+}
 66977 | Tomb:3   | Identified the +3 scimitar of Purpose {vamp, Str+4 Stlth+}
 67136 | Tomb:3   | Identified the +6 dire flail of Massacring {elec, rF++
                  | Will+ Int+4}
 67237 | Tomb:3   | 67237 ||| PLANNING PAN
 67237 | Tomb:3   | 67237 ||| DROPPING +0 cloak of preservation.
 67238 | Tomb:3   | 67238 ||| DROPPING 8 boomerangs.
 67239 | Tomb:3   | 67239 ||| DROPPING 6 boomerangs of dispersal.
 67689 | Pan      | Entered Pandemonium
 67695 | Pan      | Noticed Jyiwotzat the pandemonium lord
 67696 | Pan      | 67696 ||| INVOKING Summon Divine Warrior.
 67697 | Pan      | 67697 ||| INVOKING Cleansing Flame.
 67705 | Pan      | Killed Jyiwotzat the pandemonium lord
 67712 | Pan      | Reached skill level 24 in Invocations
 67764 | Pan      | Found an exit through the horrors of the Abyss.
 68445 | Pan      | 68445 ||| Stepping ~*~*~tactically~*~*~ (hiding).
 68448 | Pan      | 68448 ||| Stepping ~*~*~tactically~*~*~ (hiding).
 68497 | Pan      | 68497 ||| INVOKING Summon Divine Warrior.
 68500 | Pan      | 68500 ||| INVOKING Cleansing Flame.
 68507 | Pan      | Noticed Osoqaith the pandemonium lord
 68510 | Pan      | 68510 ||| DRINKING potion of resistance.
 68523 | Pan      | Killed Osoqaith the pandemonium lord
 68525 | Pan      | 68525 ||| READING 15 scrolls of teleportation.
 68528 | Pan      | HP: 35/179 [hellion/damnation (37)]
 68530 | Pan      | The Shining One protects you from harm!
 68532 | Pan      | 68532 ||| READING 14 scrolls of teleportation.
 68535 | Pan      | HP: 4/179 [demonspawn corrupter/+2 demon blade of freezing
                  | (20)]
 68535 | Pan      | HP: 1/179 [demonspawn corrupter/+2 demon blade of freezing
                  | (3)]
 68574 | Pan      | 68574 ||| Stepping ~*~*~tactically~*~*~ (stealth).
 68581 | Pan      | 68581 ||| Stepping ~*~*~tactically~*~*~ (stealth).
 68632 | Pan      | 68632 ||| Stepping ~*~*~tactically~*~*~ (stealth).
 68677 | Pan      | 68677 ||| Stepping ~*~*~tactically~*~*~ (stealth).
 68701 | Pan      | 68701 ||| Stepping ~*~*~tactically~*~*~ (hiding).
 68703 | Pan      | 68703 ||| READING 13 scrolls of teleportation.
 68708 | Pan      | 68708 ||| INVOKING Summon Divine Warrior.
 68740 | Pan      | 68740 ||| INVOKING Cleansing Flame.
 68790 | Pan      | Gained mutation: Your magical capacity is low. (-10% MP) [a
                  | cacodemon]
 68794 | Pan      | 68794 ||| READING 12 scrolls of teleportation.
 68799 | Pan      | 68799 ||| READING 11 scrolls of teleportation.
 68799 | Pan      | HP: 25/179 [hellion/damnation (32)]
 68799 | Pan      | Killed from afar by a hellion

Levels and vault maps discovered:
D:1:      lemuel_arrival_rhombus, layout_basic
D:2:      layout_basic, basic_altar
D:3:      layout_rooms, shapermc_ecumenical_altar_mp_vishouse
D:4:      layout_basic, nicolae_shop_fire_sale [nicolae_sub_dead_trees]
D:5:      layout_loops_ring, nicolae_hepliaklqana_hazy_memory, vehumet_crystals,
          uniq_pikel
D:6:      layout_loops_corners, mainiacjoe_overflow_alcove_2,
          uniq_prince_ribbit1, uniq_menkaure, uniq_maggie
D:7:      layout_layer_cave, minmay_temple_entry_hall,
          nicolae_ossuary_entry_monument, serial_shops, nicolae_diamond_shop
D:8:      layout_loops_corners, kennysheep_generic_room_14, uniq_maurice
D:9:      layout_basic, nicolae_overflow_squiral,
          yredelemnul_forgotten_temple_becter, uniq_gastronok, uniq_grum
D:10:     layout_irregular_city, marbit_many_paths, trog_three_pillars_becter,
          lemuel_round_altar, lair_entry_dummy, david_orc_3, serial_shops, shop,
          nicolae_elevator_lobby_asterisk, uniq_erolcha, uniq_sonja, uniq_erica
D:11:     layout_cave_pods, lightli_fourway_metalbox
D:12:     layout_roguey, nicolae_trove_entry_crystal, serial_shops,
          nicolae_shop_stone, minmay_shop_grid_forest, drop_trap, uniq_jorgrun,
          uniq_psyche
D:13:     minmay_box_of_curves, layout_long_grid,
          lightli_vaults_fourway_checkpoint, portal_ice_cave_entry_pillars_1
D:14:     layout_loops_cross, uniq_snorg
D:15:     grunt_enter_depths_magical_seal, layout_irregular_city,
          chequers_serial_rivers_marsh, zin_statuary
Temple:   compressed_dpeg_triangle_lava_temple
Lair:1:   wad_woods_structure_01, layout_loops_ring, basic_altar,
          serial_bayou_crossing
Lair:2:   layout_cave_pods
Lair:3:   layout_small_grid, minmay_shoals_entry_centaurs,
          hellmonk_spider_entry_not_the_bees, basic_altar,
          nicolae_lair_grove_arrangements, beast_lair_carwin_10
Lair:4:   layout_cave_pods, dpeg_slime_entry_enclosed
Lair:5:   evil_forest, layout_gridlike, minmay_stone_trees_medium,
          grunt_megastairs_2
Shoals:1: layout_shoals, hangedman_shoals_cup_caves
Shoals:2: cheibrodos_shoals_three_sisters, layout_shoals, uniq_ilsuiw
Shoals:3: cheibrodos_shoals_baths, layout_shoals, uniq_louise, uniq_polyphemus
Shoals:4: shoals_end_grunt_ice, layout_shoals, shoals_ilsuiw_alternative,
          uniq_kirke
Spider:1: layout_cave_pods, uniq_azrael
Spider:2: layout_spider_delve, nicolae_spider_claw_tunnel
Spider:3: nicolae_spider_hall_of_the_moth_king, nicolae_spider_swamp_cousins
Spider:4: hellmonk_spider_rune_endless_swarm, spiders_nest_hornet_nest
Orc:1:    layout_caves
Orc:2:    pf_orc_diabolical, layout_diamond_mine, serial_shops,
          nicolae_shop_behind_doors, gauntlet_entry_generic, basic_altar,
          minmay_orc_keep, uniq_urug
Vaults:1: ontoclasm_vaults_gateway, v_alt_pattern_2, v_rooms_5,
          vaults_room_octagon, st_star, v_misc_24, dpeg_vaults_monster_box,
          hangedman_vaults_nodes, vaults_room_hallway, v_misc_1,
          nicolae_vaults_little_squares_1, v_rooms_2, layout_vaults_maze_snakey,
          serial_shops, bzr_entry_lakeside
Vaults:2: minmay_crypt_entry_simple_box, nicolae_vaults_diagonal_hallway_8,
          st_smaller_cells, nicolae_vaults_mini_display_case,
          nicolae_vaults_windows_and_doors_thing, vaults_room_door_ring,
          vaults_room_door_ring, vaults_dpeg_doors, ontoclasm_vaults_ligature,
          ontoclasm_vaults_tryst, nicolae_vaults_sealed_display,
          hangedman_vaults_impose, ontoclasm_vaults_eye, vaults_room_corners,
          layout_vaults_omnicross
Vaults:3: nicolae_vaults_circle_grid_a, vaults_room_pool, v_misc_31,
          hangedman_vaults_corner_blocks, vaults_mumra_chevron_long,
          v_pattern_1, ontoclasm_vaults_ring_square, layout_vaults_omnigrid
Vaults:4: hangedman_vaults_impose, v_misc_27, vaults_dpeg_cross,
          vaults_room_grid, nicolae_vaults_yaktaur_gun_rack,
          vaults_mumra_hexcomb, ontoclasm_vaults_idyll, v_misc_33,
          ontoclasm_vaults_twist, layout_vaults_ring, serial_shops, shop
Vaults:5
Crypt:1:  layout_gridlike, corner_web_ring, grunt_crypt_arrival_split
Crypt:2:  layout_gridlike
Crypt:3:  due_elkab, layout_chaotic_city, tomb_entry_simple_bobbens
Tomb:1:   uniq_khufu
Tomb:2
Tomb:3
Depths:1: layout_forbidden_donut, serial_bayou_lagoon_a, hell_entry,
          serial_shops, shop_statue, shop_fountains, shop, kennysheep_mini,
          nicolae_transporter_intersection, grunt_megastairs_1, uniq_mara
Depths:2: due_jory_tower, layout_gridlike, pan_entry, hex_intersection,
          hell_entry, chequers_serial_rivers_room_b, nrook_loot_triangle,
          nicolae_figureground_pulse
Depths:3: grunt_bent_corner, layout_gridlike, hangedman_abyss_entry_splay,
          grunt_metal_band, minmay_staircase_bubble, minmay_shop_star, uniq_vv,
          uniq_jory, uniq_xtahua, uniq_mennas
Depths:4: grunt_zot_entry_hairpin, layout_basic, enter_ziggurat_c,
          pf_coc_iceberg, grunt_decor_fettered
Zot:1:    layout_cellular_growth, grunt_megastairs_3
Zot:2:    layout_gridlike, hangedman_zot_decor_checkerboard
Zot:3:    dreamdust_black_sun_cult, layout_basic, nicolae_lava_and_water
Zot:4:    layout_misc_corridors, grunt_ministairs_6
Pan:      nicolae_pan_double_arrow, layout_basic, lemuel_hellion_island,
          layout_cellular_growth

Skill      XL: |  1  2  3  4  5  6  7  8  9 10 11 12 13 14 15 16 17 18 19 20 21 22 23 24 25 26 27 |
---------------+----------------------------------------------------------------------------------+-----
Axes           | 2 3 4 5 6 7 8 9 10 11 12 14 15 17 18 | 18.0
Dodging        | 1 2 3 5 6 7 8 9 10 11 12 | 12.0
Fighting       | 4 7 9 10 12 13 15 17 19 20 21 23 24 25 27 | 27.0
Armour         | 4 6 8 9 10 11 12 13 14 15 16 17 18 19 20 | 20.0
Throwing       | 1 2 6 7 9 10 11 12 13 14 15 16 | 16.0
Shields        | 6 9 10 11 12 13 15 16 17 18 19 20 21 | 21.4
Invocations    | 4 9 10 11 15 24 | 24.9

Action                   |  1- 3 |  4- 6 |  7- 9 | 10-12 | 13-15 | 16-18 | 19-21 | 22-24 | 25-27 || total
-------------------------+-------+-------+-------+-------+-------+-------+-------+-------+-------++-------
Melee: War axe           |    51 |   141 |    95 |       |       |       |       |       |       ||   287
       Broad axe         |       |       |   170 |   505 |   926 |  1042 |  1093 |  1047 |  1919 ||  6702
       Flail             |       |       |       |       |    31 |       |       |       |       ||    31
       Hand axe          |       |       |       |       |     4 |       |       |       |       ||     4
Throw: Boomerang         |       |       |     7 |    12 |    43 |    62 |     4 |       |       ||   128
       Javelin           |       |       |       |       |       |    88 |   123 |    77 |   204 ||   492
Invok: Heroism           |       |       |       |    31 |    42 |    53 |    39 |    43 |    23 ||   231
       Finesse           |       |       |       |       |     7 |    22 |    11 |    24 |     4 ||    68
       Cleansing Flame   |       |       |       |       |       |       |       |       |    90 ||    90
       Brand Weapon With |       |       |       |       |       |       |       |       |     1 ||     1
       Summon Divine War |       |       |       |       |       |       |       |       |    14 ||    14
Evoke: Wand              |       |       |       |       |       |       |       |     1 |       ||     1
  Use: Scroll            |     5 |     8 |     9 |     4 |    16 |     6 |     6 |    10 |    13 ||    77
       Potion            |     1 |     2 |     2 |       |     1 |     2 |     2 |     8 |    18 ||    36
 Stab: Petrified         |       |       |       |       |     1 |     4 |       |       |       ||     5
       Petrifying        |       |       |       |       |     1 |     3 |       |       |       ||     4
       Distracted        |       |       |       |       |       |    25 |    32 |    30 |    13 ||   100
Armor: Scale mail        |    23 |    82 |    37 |       |       |   337 |   300 |   462 |   230 ||  1471
       Chain mail        |       |       |    59 |       |       |       |       |       |       ||    59
       Plate armour      |       |       |    42 |   293 |   575 |     8 |       |       |   416 ||  1334
Dodge: Dodged            |    27 |    60 |    66 |   137 |   234 |   282 |   313 |   419 |   579 ||  2117
Block: Buckler           |     7 |    31 |    42 |       |       |       |       |       |       ||    80
       Kite shield       |       |       |     1 |   272 |   558 |   590 |   582 |   649 |   500 ||  3152
       Reflection        |       |       |       |       |       |       |       |       |    54 ||    54
       Tower shield      |       |       |       |       |       |       |       |       |  1169 ||  1169

Table legend:
 A = Non-vault XP
 B = Vault XP
 C = Vault XP percentage of total XP
 D = Non-vault monster count
 E = Vault monster count
 F = Vault count percentage of total count
                 A         B        C        D         E       F
            +---------+---------+-------+---------+---------+-------
      Total |  770871 |  801377 |  51.0 |    1491 |     988 |  39.9
            +---------+---------+-------+---------+---------+-------
        D:1 |      14 |       0 |   0.0 |       5 |       0 |   0.0
        D:2 |      75 |       0 |   0.0 |      17 |       0 |   0.0
        D:3 |     232 |       0 |   0.0 |      32 |       0 |   0.0
        D:4 |     294 |       0 |   0.0 |      16 |       0 |   0.0
        D:5 |     767 |     697 |  47.6 |      21 |       1 |   4.5
        D:6 |     743 |     835 |  52.9 |      23 |       3 |  11.5
        D:7 |     525 |       0 |   0.0 |      13 |       0 |   0.0
        D:8 |    1441 |     483 |  25.1 |      27 |       3 |  10.0
        D:9 |    2875 |    2111 |  42.3 |      31 |       7 |  18.4
       D:10 |    1951 |    2931 |  60.0 |      24 |      11 |  31.4
       D:11 |    2548 |    1363 |  34.9 |      17 |       4 |  19.0
       D:12 |    6631 |    2281 |  25.6 |      14 |       2 |  12.5
       D:13 |    7199 |   16210 |  69.2 |      21 |      26 |  55.3
       D:14 |    8080 |     933 |  10.4 |      14 |       1 |   6.7
       D:15 |   13687 |    3913 |  22.2 |      32 |       9 |  22.0
     Lair:1 |    5348 |    1351 |  20.2 |      19 |       5 |  20.8
     Lair:2 |    8173 |       0 |   0.0 |      29 |       0 |   0.0
     Lair:3 |    9879 |    2285 |  18.8 |      41 |      12 |  22.6
     Lair:4 |    8175 |    1944 |  19.2 |      26 |       8 |  23.5
     Lair:5 |    4333 |   10707 |  71.2 |      16 |      26 |  61.9
   Shoals:1 |   11240 |    6460 |  36.5 |      26 |      12 |  31.6
   Shoals:2 |   11432 |   12570 |  52.4 |      23 |      17 |  42.5
   Shoals:3 |    7572 |    9349 |  55.3 |      12 |      13 |  52.0
   Shoals:4 |   12845 |   29939 |  70.0 |      27 |      43 |  61.4
   Spider:1 |    6238 |    2474 |  28.4 |      21 |       9 |  30.0
   Spider:2 |   28768 |    3855 |  11.8 |      83 |       6 |   6.7
   Spider:3 |   11105 |   12600 |  53.2 |      30 |      27 |  47.4
   Spider:4 |   12405 |   21811 |  63.7 |      28 |      45 |  61.6
      Orc:1 |    4056 |       0 |   0.0 |      45 |       0 |   0.0
      Orc:2 |    1254 |   15802 |  92.6 |      23 |      70 |  75.3
   Vaults:1 |   33508 |   37055 |  52.5 |      49 |      48 |  49.5
   Vaults:2 |   15534 |   33489 |  68.3 |      19 |      39 |  67.2
   Vaults:3 |   31893 |    4065 |  11.3 |      55 |       6 |   9.8
   Vaults:4 |   27653 |   42540 |  60.6 |      36 |      39 |  52.0
   Vaults:5 |   29888 |   87652 |  74.6 |      41 |      70 |  63.1
    Crypt:1 |   20021 |       0 |   0.0 |      38 |       0 |   0.0
    Crypt:2 |   34546 |       0 |   0.0 |      49 |       0 |   0.0
    Crypt:3 |   22976 |   41729 |  64.5 |      37 |      67 |  64.4
     Tomb:1 |    3208 |   93712 |  96.7 |      10 |      54 |  84.4
     Tomb:2 |   20018 |   32978 |  62.2 |      32 |      43 |  57.3
     Tomb:3 |   18774 |   62672 |  76.9 |      41 |      58 |  58.6
   Depths:1 |   24964 |    9994 |  28.6 |      33 |       9 |  21.4
   Depths:2 |   21834 |   31623 |  59.2 |      27 |      44 |  62.0
   Depths:3 |   34152 |  103927 |  75.3 |      39 |      87 |  69.0
   Depths:4 |   32304 |   22523 |  41.1 |      42 |      16 |  27.6
      Zot:1 |   22428 |    1892 |   7.8 |      18 |       2 |  10.0
      Zot:2 |   40708 |       0 |   0.0 |      27 |       0 |   0.0
      Zot:3 |   59119 |   12744 |  17.7 |      49 |       8 |  14.0
      Zot:4 |   51577 |    2372 |   4.4 |      42 |       2 |   4.5
        Pan |   35881 |   17383 |  32.6 |      51 |      15 |  22.7
    Ossuary |       0 |     123 | 100.0 |       0 |      21 | 100.0
            +---------+---------+-------+---------+---------+-------
